 Dungeon Crawl Stone Soup version 0.21-a0-346-g330ab2c (webtiles) character file.

12521934 Sergey the Slayer (level 27, 227/269 HPs)
             Began as a Ghoul Wanderer on Sept 28, 2017.
             Was the Champion of Nemelex Xobeh.
             Escaped with the Orb
             ... and 15 runes on Oct 5, 2017!
             The game lasted 17:46:21 (128886 turns).

Sergey the Slayer (Ghoul Wanderer)                Turns: 128886, Time: 17:46:22

Health: 227/269    AC: 31    Str: 14      XL:     27
Magic:  47/47      EV: 39    Int: 28      God:    Nemelex Xobeh [******]
Gold:   3501       SH: 32    Dex: 22 (23) Spells: 8/50 levels left

rFire    + + +     SeeInvis +   w - +9 demon trident (elec)
rCold    + . .     Gourm    .   y - +8 large shield
rNeg     + + +     Faith    .   h - quicksilver dragon scales
rPois    ∞         Spirit   .   C - +3 crown of Dyrovepreva {rElec Int+2 SInv}
rElec    +         Reflect  .   J - +1 cloak of the Gloaming {Dex+7 Slay+3}
rCorr    +         Harm     .   H - +2 pair of gloves {Dex+3}
MR       +++..                  j - +2 pair of boots "Motaimome" {rF+ Dex+2}
Stlth    +.........             A - macabre finger necklace {rN+}
HPRegen  0.00/turn              i - ring of Phasing {EV+8}
MPRegen  0.30/turn              t - ring "Zikhach" {rCorr rF+ MP+9 Str-3 Int+6}
                                Q - ring "Joon" {rF+ Int+4}

@: rotting, hasted, very quick
A: rotting body, claws 1, carnivore 3, cold resistance 1, negative energy
resistance 3, inhibited regeneration, torment resistance, unbreathing
0: Orb of Zot
}: 15/15 runes: serpentine, barnacled, slimy, silver, golden, iron, obsidian,
icy, bone, abyssal, demonic, glowing, magical, fiery, dark
a: Triple Draw, Deal Four, Stack Five, Renounce Religion


You escaped.
You worshipped Nemelex Xobeh.
Nemelex Xobeh was exalted by your worship.
You were not hungry.

You visited 18 branches of the dungeon, and saw 90 of its levels.
You visited Pandemonium 12 times, and saw 43 of its levels.
You visited the Abyss 12 times.
You visited 1 bazaar.
You visited 1 ziggurat, and saw 12 of its levels.
You also visited: Labyrinth, Wizlab and Desolation.

You collected 17086 gold pieces.
You spent 13585 gold pieces at shops.

Inventory:

Hand Weapons
 e - a +9 demon trident of freezing
 q - the +18 lance "Wyrmbane" {slay drac, rPois rF+ rC+ AC+3}
   (You found it on level 5 of the Pits of Slime)

   It affects your AC (+3).
   It protects you from fire.
   It protects you from cold.
   It protects you from poison.
 r - a +6 vampiric demon trident
 s - the +3 sling "Punk" {acid, rCorr}
   (You found it in the Desolation of Salt)

   It protects you from acid and corrosion.
 w - a +9 demon trident of electrocution (weapon)
Missiles
 F - 349 sling bullets
 L - 8 throwing nets (quivered) {!f}
Armour
 h - quicksilver dragon scales (worn)
 j - the +2 pair of boots "Motaimome" (worn) {rF+ Dex+2}
   (You found it on level 3 of the Tomb of the Ancients)

   It affects your dexterity (+2).
   It protects you from fire.
 y - a +8 large shield (worn)
 C - the +3 crown of Dyrovepreva (worn) {rElec Int+2 SInv}
   (You found it on level 3 of the Elven Halls)

   It affects your intelligence (+2).
   It insulates you from electricity.
   It lets you see invisible.
 H - a +2 pair of gloves of dexterity (worn)
 J - the +1 cloak of the Gloaming (worn) {Dex+7 Slay+3}
   (You acquired it on level 3 of the Tomb of the Ancients)

   It affects your dexterity (+7).
   It affects your accuracy and damage with ranged weapons and melee attacks
   (+3).
Jewellery
 i - the ring of Phasing (left hand) {EV+8}
   (You bought it in a shop on level 1 of the Elven Halls)

   [ring of evasion]

   It affects your evasion (+8).
 l - a +6 ring of slaying
 t - the ring "Zikhach" (right hand) {rCorr rF+ MP+9 Str-3 Int+6}
   (You took it off a balrug in Pandemonium)

   [ring of resist corrosion]

   It affects your strength (-3).
   It affects your intelligence (+6).
   It protects you from fire.
   It affects your magic capacity (+9).
 A - the macabre finger necklace (around neck) {rN+}
   (You bought it in a shop in a bazaar)

   [amulet of nothing]

   It protects you from negative energy.
 B - the ring "Juixer" {*Slow rPois rC+++ Str+3 Int-6}
   (You took it off a balrug in Pandemonium)

   [ring of intelligence]

   It affects your strength (+3).
   It affects your intelligence (-6).
   It renders you almost immune to cold.
   It protects you from poison.
   It may slow you when you take damage.
 M - the ring of Derghelat {+Inv rN+ MR+}
   (You found it on level 12 of a ziggurat)

   [ring of protection from magic]

   It protects you from negative energy.
   It affects your resistance to hostile enchantments.
   It lets you turn invisible.
 Q - the ring "Joon" (on amulet) {rF+ Int+4}
   (You bought it in a shop on level 1 of the Elven Halls)

   [ring of protection from fire]

   It affects your intelligence (+4).
   It protects you from fire.
Wands
 v - a wand of digging (4/24)
 z - a wand of acid (2/15)
Scrolls
 c - 8 scrolls of teleportation
 k - 10 scrolls of fog
 V - 9 scrolls of blinking
 W - 27 scrolls of remove curse
Potions
 a - 6 potions of agility
 g - 7 potions of resistance
 o - 15 potions of brilliance
 p - 7 potions of magic
 x - 5 potions of ambrosia
 D - 10 potions of might
 G - 10 potions of flight
 I - 7 potions of haste
 O - 35 potions of curing
 X - 12 potions of heal wounds
 Y - 3 potions of cancellation
Miscellaneous
 b - a legendary deck of summoning
 d - a legendary deck of summoning
 f - an ornate deck of escape {the Cloud, left: 3}
 n - a legendary deck of escape {the Shaft, left: 3}
 u - a legendary deck of escape {Exile, left: 5}
 E - a legendary deck of escape {the Elixir, left: 5}
 K - a plain deck of summoning
 P - a figurine of a ziggurat
 S - a legendary deck of destruction
 T - a legendary deck of destruction
 U - a legendary deck of escape {the Elixir, left: 5}
 Z - an ornate deck of destruction
Comestibles
 m - 13 meat rations


   Skills:
 + Level 26.1 Fighting
 + Level 15.3 Polearms
 - Level 13.9(14.0) Slings
   Level 1.0 Bows
   Level 7.1 Crossbows
 - Level 1.0(9.3) Throwing
 + Level 20.8 Armour
 * Level 24.0 Dodging
 - Level 7.7 Stealth
 - Level 25.0 Shields
 - Level 12.0 Spellcasting
 - Level 11.0 Conjurations
 - Level 15.2 Necromancy
 - Level 6.4 Translocations
 - Level 14.2 Ice Magic
 - Level 14.5 Earth Magic
 + Level 23.1 Invocations
 - Level 8.5 Evocations


You had 8 spell levels left.
You knew the following spells:

 Your Spells              Type           Power        Failure   Level  Hunger
a - Iron Shot             Conj/Erth      ######....   3%          6    #####..
b - Control Undead        Necr           #######...   1%          4    None
c - Lee's Rapid Deconstr  Erth           #######...   1%          5    ###....
d - Dispel Undead         Necr           #######.     1%          5    ###....
e - Blink                 Tloc           N/A          1%          2    None
f - Regeneration          Chrm/Necr      ######....   1%          3    None
g - Corpse Rot            Necr           N/A          0%          2    None
i - Animate Skeleton      Necr           N/A          0%          1    None
j - Apportation           Tloc           ######       1%          1    None
q - Simulacrum            Ice/Necr       #######...   1%          6    #####..
r - Animate Dead          Necr           N/A          1%          4    None
w - Lesser Beckoning      Tloc           ######....   1%          3    None


Dungeon Overview and Level Annotations

Branches:
Dungeon (15/15)            Temple (1/1) D:6            Lair (6/6) D:11
 Shoals (4/4) Lair:2        Snake (4/4) Lair:4        Slime (5/5) Lair:5
    Orc (2/2) D:11            Elf (3/3) Orc:2        Vaults (5/5) D:14
  Crypt (3/3) Vaults:3       Tomb (3/3) Crypt:3      Depths (5/5) D:15
   Hell (1/1)                 Dis (7/7) Hell            Geh (7/7) Hell
    Coc (7/7) Hell            Tar (7/7) Hell            Zot (5/5) Depths:5

Altars:
Ashenzari
Cheibriados
Dithmenos
Elyvilon
Fedhas
Gozag
Hepliaklqana
Kikubaaqudgha
Makhleb
Nemelex Xobeh
Okawaru
Qazlal
Ru
Sif Muna
Trog
Uskayaw
Vehumet
Wu Jian
Xom
Yredelemnul
Zin
The Shining One
Beogh
Jiyva
Lugonu

Shops:
D:9 *   D:10 [   D:14 (   Orc:2 :[![   Elf:1 ==}}   Elf:3 ?   Shoals:1 (:*}
Snake:3 [   Vaults:1 [   Vaults:3 (   Vaults:5 !!!}?%![!![   Depths:5 !![

Portals:
Hell: Depths:1 Depths:2 Depths:3 Depths:4 Depths:5
Abyss: Depths:1 Depths:2 Depths:4
Pandemonium: Depths:1 Depths:2 Depths:3

Annotations:
Lair:2 exclusion: oklob plant
Elf:2 3 runed doors
Dis:7 Dispater
Coc:7 Antaeus


Innate Abilities, Weirdness & Mutations

Your body is rotting away.
You thrive on raw meat.
You are immune to poison.
You have sharp fingernails.
You are carnivorous and can eat meat at any time.
Your flesh is cold resistant. (rC+)
You are immune to negative energy. (rN+++)
You do not regenerate when monsters are visible.
You are immune to unholy pain and torment.
You can survive without breathing.


Message History

Evoke which item? (* to show all) (? for menu, Esc to quit)
Aiming: Dig
Press: ? - help, Shift-Dir - straight line The rock shatters into small pieces.
This wand has 4 charges left.
Reagg comes into view.
A hellwing comes into view.
Reagg completely misses you.
Press: ? - help, v - describe, . - travel
Here: Reagg The floor.
Press: ? - help, v - describe, . - travel
Here: Reagg The floor.
Unknown command.
You feel yourself speed up. Reagg hits you! Reagg burns you.
Unknown command.
Reagg gestures at you.
The sphere of damnation explodes!
The damnation engulfs you!
There is a staircase leading out of the dungeon here.
You have escaped!

################.#
#.....%.'......#.#
#.......#......#.#
#.......4..4...#.#
#...########...#.#
#...#...'..#.....###
#...#...#..#..3#...#
#...#...##'##&'#'''#
#'###'''##@#..[#3..#
#...#....##&...#...#
#...#....'.....#...#
#...#..........#...#
#...#....+.....#...#
#...############...#
#........#.........#
#........'.........#
#........#.........#


You could see Reagg.

Vanquished Creatures
  Cerebov (Pan)
  Asmodeus (Geh:7)
  the Royal Jelly (Slime:5)
  Gloorx Vloq (Pan)
  Lom Lobon (Pan)
  The ghost of p0werm0de the Fencer, a legendary GnCK of Ashenzari (Zig:11)
  5 orbs of fire (Zot:5)
  Mara (Depths:1)
  Mennas (Crypt:3)
  An ancient lich (Crypt:3)
  Boris (Crypt:1)
  18 greater mummies
  8 shard shrikes
  Xtahua (Depths:5)
  A curse toe (Zot:4)
  7 Killer Klowns
  3 caustic shrikes
  Geryon (Hell)
  9 golden dragons
  3 iron giants (Dis:7)
  7 bone dragons
  6 Tzitzimimeh
  28 Brimstone Fiends
  A hellephant (Dis:7)
  10 liches
  2 pandemonium lords (Pan)
  5 doom hounds
  A shard shrike zombie (Crypt:2)
  2 electric golems
  16 Ice Fiends
  A moon troll (WizLab)
  6 Hell Sentinels (Dis:7)
  20 Orb Guardians
  13 tentacled monstrosities
  4 deep elf blademasters
  9 quicksilver dragons
  Asterion (Vaults:1)
  3 deep elf master archers
  29 Executioners
  6 ancient champions
  4 titans
  17 acid blobs
  2 eldritch tentacles
  Polyphemus (Shoals:3)
  5 death cobs
  15 tentacled starspawn
  Frances (D:12)
  11 sphinxes
  5 tengu reavers
  Donald (Vaults:3)
  10 shadow dragons
  The ghost of zkyp the Fighter, an adept GnBe of Trog (Elf:3)
  6 draconian monks
  Ilsuiw (Shoals:4)
  10 revenants
  4 storm dragons
  6 nagarajas (Snake:4)
  10 azure jellies
  10 fire giants
  8 draconian knights
  4 deep elf sorcerers
  The ghost of Syneil the Fencer, a journeyman DsFi of Wu Jian (D:14)
  10 cacodemons
  An imperial myrmidon (Desolation)
  5 draconian scorchers
  6 ghost moths
  3 warmongers (Pan)
  10 frost giants
  An orc warlord (Vaults:1)
  8 deep elf elementalists
  17 vault wardens
  6 black suns (Pan)
  A caustic shrike zombie (Hell)
  41 balrugs
  4 ghouls
  15 iron dragons
  8 draconian shifters
  4 curse skulls
  5 draconian annihilators
  Louise (Elf:2)
  28 very ugly things
  2 elemental wellsprings
  3 draconian stormcallers
  4 blood saints (Pan)
  4 spriggan defenders (Depths:3)
  23 stone giants
  7 ironheart preservers
  54 reapers
  6 vampire knights
  5 deep elf demonologists
  3 green draconians
  4 war gargoyles
  9 bennus
  6 corrupters (Pan)
  9 deep elf annihilators
  12 purple draconians
  16 black draconians
  8 white draconians
  7 yellow draconians
  A dire elephant (D:15)
  12 red draconians
  2 halazid warlocks (Desolation)
  5 lorocyprocas
  7 ettins
  2 spark wasps
  An ettin (shapeshifter) (Vaults:2)
  12 blizzard demons
  17 mummy priests
  12 deep elf death magi
  6 jiangshi
  A crystal guardian (Depths:2)
  4 eidola
  2 merfolk javelineers (Shoals:4)
  20 yaktaur captains
  13 fire dragons
  6 death oozes
  3 merfolk impalers
  7 quicksilver dragon zombies
  14 green deaths
  5 ragged hierophants (Desolation)
  3 deep elf high priests
  20 great orbs of eyes
  11 ogre magi
  4 servants of whispers (Desolation)
  28 vault guards
  3 hydras
  4 kraken zombies
  5 quicksilver dragon skeletons
  3 naga warriors (Snake:4)
  21 ice dragons
  9 rakshasas
  2 juggernaut simulacra
  6 spriggan air magi
  4 peacekeepers (Desolation)
  An anaconda (Snake:2)
  7 merfolk aquamancers
  3 ghost crabs
  4 monstrous demonspawn (Pan)
  3 hell beasts (Pan)
  3 catoblepae
  7 centaur warriors
  A satyr (Shoals:4)
  5 vampire magi
  37 two-headed ogres
  12 dancing weapons
  2 death yaks (shapeshifter) (Depths:2)
  31 death scarabs
  2 death knights
  12 deep troll earth magi
  2 tengu warriors
  33 hell hogs
  An orc high priest (Orc:2)
  2 satyrs (shapeshifter)
  10 deep troll shamans
  3 thrashing horrors
  9 titan zombies
  2 queen ants (shapeshifter)
  5 death yaks
  71 sun demons
  6 spriggan berserkers
  Nergalle (Orc:2)
  3 shock serpents
  5 naga sharpshooters
  19 soul eaters
  13 deep elf knights
  6 wretched stars
  An iron golem (Depths:5)
  15 iron trolls
  80 skeletal warriors
  18 sixfirhies
  6 storm dragon zombies
  54 slime creatures
  3 spark wasp zombies
  6 titan skeletons
  A tyrant leech (WizLab)
  5 golden dragon zombies
  15 shadow wraiths
  36 hell knights
  10 sea snakes
  A ghost moth zombie (Tar:1)
  3 torturous demonspawn (Pan)
  13 deep trolls
  5 storm dragon skeletons
  A quicksilver dragon simulacrum (Tar:7)
  10 anaconda zombies
  A spriggan druid (Zig:3)
  13 glowing orange brains
  11 infernal demonspawn
  A deep troll (shapeshifter) (Pan)
  A sea snake (shapeshifter) (D:14)
  2 unseen horrors
  24 flayed ghosts
  2 orange crystal statues
  8 gelid demonspawn (Pan)
  3 naga ritualists
  2 tengu zombies
  12 harpies
  7 wizards
  Pikel (D:7)
  21 ironbrand convokers
  5 golden dragon skeletons
  An iron giant skeleton (Crypt:1)
  4 iron dragon zombies
  13 deep elf archers
  13 shadow demons
  4 anaconda skeletons
  12 necromancers
  6 shadow dragon zombies
  8 wolf spider zombies
  20 phantasmal warriors
  9 fire giant zombies
  5 orc sorcerers
  6 shining eyes
  3 oklob plants
  10 orc knights
  9 frost giant zombies
  A wolf spider (D:15)
  61 deep elf magi
  8 shadow dragon skeletons
  7 stone giant zombies
  5 fauns
  A glowing shapeshifter (Elf:1)
  51 ugly things
  9 manticores
  15 cyclopes
  A salamander (shapeshifter) (Depths:5)
  Maurice (D:10)
  A mana viper (Snake:4)
  23 moths of wrath
  5 merfolk sirens
  13 fire giant skeletons
  5 salamanders
  2 toenail golems
  6 iron dragon skeletons
  2 water nymphs (shapeshifter)
  4 centaur zombies
  2 worldbinders
  8 dire elephant zombies
  9 naga magi
  20 rust devils
  A black mamba (shapeshifter) (Depths:5)
  12 vault sentinels
  4 water nymphs
  19 black mambas
  6 frost giant skeletons
  An ice statue (Hell)
  15 eyes of devastation
  2 shock serpent skeletons
  A shock serpent zombie (Tar:1)
  8 stone giant skeletons
  7 elephants
  3 dire elephant skeletons
  10 molten gargoyles
  A spiny frog (shapeshifter) (D:14)
  An emperor scorpion zombie (Geh:5)
  4 torpor snails
  An eye of devastation (shapeshifter) (Depths:2)
  5 gargoyles
  5 spiny frogs
  A torpor snail (shapeshifter) (Abyss:4)
  31 hellions
  10 guardian serpents
  A storm dragon simulacrum (Depths:3)
  2 spriggan zombies (Hell)
  31 freezing wraiths
  21 orange demons
  26 smoke demons
  13 demonic crawlers
  41 tormentors
  2 elf skeletons
  A rime drake (Lair:3)
  An iron troll zombie (Crypt:1)
  5 komodo dragons
  3 kobold demonologists
  21 efreet
  2 catoblepas zombies
  An anaconda simulacrum (Coc:2)
  An entropy weaver simulacrum (Vaults:1)
  61 yaktaurs
  16 hellwings
  5 tengu conjurers
  29 ice devils
  A yaktaur skeleton (Vaults:1)
  An ancient zyme (Abyss:4)
  38 guardian mummies
  50 red devils
  9 trolls
  A black draconian skeleton (Coc:7)
  A catoblepas skeleton (Pan)
  4 harpy zombies
  3 silent spectres
  2 meliai (D:14)
  16 merfolk
  12 hydra zombies
  5 wind drakes
  8 hornets
  5 hydra skeletons
  3 harpy skeletons
  10 ice dragon zombies
  43 saltlings (Desolation)
  11 ettin zombies
  2 blink frogs (shapeshifter)
  2 minotaur skeletons
  3 hippogriffs
  4 snapping turtles
  17 raiju
  7 blink frogs
  10 dream sheep
  2 stone giant simulacra
  4 alligator zombies
  A deep troll zombie (Hell)
  7 fire dragon zombies
  Sigmund (D:2)
  8 air elementals
  3 alligator skeletons
  26 shadows
  A spriggan (shapeshifter) (Depths:4)
  73 flying skulls
  3 redbacks
  9 ettin skeletons
  2 ice dragon skeletons
  34 wraiths
  5 spriggans
  9 ushabtiu
  2 black mamba zombies
  13 water elementals
  34 yaks
  A vampire (D:13)
  A wyvern (shapeshifter) (Vaults:2)
  A wyvern (Lair:5)
  25 ynoxinuls
  A dire elephant simulacrum (Abyss:1)
  16 fire dragon skeletons
  7 golden eyes
  3 basilisks
  31 fire elementals
  7 vampire mosquitoes
  7 fire bats
  10 chaos spawn
  23 neqoxecs
  A golden eye (shapeshifter) (Vaults:1)
  14 hungry ghosts
  37 large abominations
  23 nagas
  A swamp worm (Geh:7)
  4 wargs
  51 hell hounds
  9 small abominations
  2 spatial vortices (Abyss:4)
  3 acid dragons
  5 water moccasins
  5 spiny frog zombies
  A soldier ant (shapeshifter) (Vaults:4)
  2 floating eyes
  4 spiny frog skeletons
  4 manticore zombies
  27 orc warriors
  12 porcupines
  A porcupine (shapeshifter) (Vaults:5)
  A human skeleton (Zig:10)
  2 snapping turtle zombies
  6 human zombies
  3 swamp dragon zombies
  3 alligator simulacra
  9 ice beasts
  2 sky beasts (D:6)
  4 slaves
  37 ogres
  2 black bears (D:11)
  3 elf zombies
  7 phantoms
  3 wolves (Lair:2)
  8 eyes of draining
  An ettin simulacrum (Crypt:2)
  25 necrophages
  10 boggarts
  3 orc skeletons
  13 centaurs
  A swamp dragon skeleton (Coc:5)
  A manticore skeleton (Pan)
  A crocodile (shapeshifter) (Orc:2)
  5 snapping turtle skeletons
  7 crocodiles
  A hippogriff zombie (Crypt:1)
  4 big kobolds
  7 bullfrogs
  A deep troll simulacrum (Vaults:5)
  An earth elemental (Orc:2)
  A spiny frog simulacrum (Coc:4)
  6 scorpions
  2 troll zombies
  58 wights
  6 killer bees (D:11)
  A spriggan skeleton (Crypt:3)
  6 electric eels
  6 howler monkeys
  A troll skeleton (Lab)
  4 jellies
  13 crimson imps
  21 starcursed masses
  5 quasits
  5 human simulacra
  A bullfrog skeleton (D:6)
  A bullfrog zombie (D:7)
  3 hounds
  13 orc priests
  22 orc wizards
  6 centaur skeletons
  2 gnoll shamans
  20 iron imps
  Jessica (D:5)
  5 iguanas
  11 worker ants
  2 naga zombies
  A big kobold zombie (Crypt:1)
  4 ogre skeletons
  A felid skeleton (Crypt:2)
  46 mummies
  2 worker ant zombies
  45 gnolls
  16 adders
  A swamp drake skeleton (Crypt:1)
  A swamp drake zombie (Crypt:2)
  15 shadow imps
  4 white imps
  3 ufetubi
  2 oozes
  4 adder skeletons
  A barachi skeleton (Crypt:1)
  3 dart slugs (D:1)
  4 worms
  4 leopard geckos
  72 orcs
  A ball python (D:1)
  9 bats
  2 giant cockroaches
  9 goblins
  6 hobgoblins (D:1)
  26 jackals
  3 quokkas
  8 frilled lizards
  2 jackal skeletons
  9 kobolds
  A leopard gecko skeleton (D:7)
  2 rats
  A crawling corpse (Vaults:5)
  2 fire vortices (Geh:2)
  A plant (Shoals:1)
  7 starspawn tentacles
  2 tentacles (Coc:2)
4089 creatures vanquished.

Vanquished Creatures (collateral kills)
  2 orbs of fire (Zot:5)
  A juggernaut (Depths:4)
  6 greater mummies
  Boris (Vaults:2)
  Frederick (Vaults:2)
  Saint Roka (Vaults:2)
  2 Killer Klowns (Zot:5)
  A golden dragon (shapeshifter) (Depths:2)
  A pandemonium lord (Pan)
  2 golden dragons
  2 bone dragons
  A profane servitor (Abyss:4)
  A Tzitzimitl (Tar:1)
  A Brimstone Fiend (Geh:7)
  An electric golem (Zot:5)
  A doom hound (Tar:1)
  An iron giant (Dis:7)
  2 Hell Sentinels (Dis:7)
  6 tentacled monstrosities
  4 Ice Fiends (Coc:7)
  5 Orb Guardians (Zot:5)
  2 deep elf blademasters (Elf:3)
  A quicksilver dragon (Vaults:5)
  A deep elf master archer (Elf:3)
  4 tentacled starspawn
  An Executioner (Dis:7)
  3 sphinxes (Vaults:5)
  2 ancient champions (Tomb:3)
  4 acid blobs
  5 shadow dragons
  A revenant (Crypt:1)
  4 storm dragons
  3 tengu reavers
  6 nagarajas (Snake:4)
  A draconian monk (Zot:3)
  A draconian knight (Zot:1)
  2 frost giants
  2 iron dragons
  An imperial myrmidon (Desolation)
  6 vault wardens
  An orc warlord (Orc:1)
  A deep elf elementalist (Elf:3)
  5 cacodemons
  3 draconian shifters
  A draconian annihilator (Zot:3)
  An angel (Abyss:4)
  3 balrugs
  4 stone giants
  A draconian stormcaller (Zot:3)
  3 war gargoyles
  3 ironheart preservers
  5 reapers
  An entropy weaver (shapeshifter) (Depths:3)
  A vampire knight (Vaults:3)
  2 very ugly things
  An entropy weaver (Vaults:1)
  3 green draconians
  5 red draconians
  A halazid warlock (Desolation)
  2 deep elf annihilators (Elf:3)
  2 yellow draconians
  4 purple draconians
  3 spark wasps
  4 ettins
  3 blizzard demons
  4 deep elf death magi
  3 merfolk javelineers (Shoals:4)
  A green death (Pan)
  2 crystal guardians (Desolation)
  3 yaktaur captains
  A minotaur (Lab)
  3 mummy priests
  4 ragged hierophants (Desolation)
  A death ooze (Zig:11)
  5 merfolk impalers
  Erolcha (Orc:2)
  2 deep elf high priests (Vaults:5)
  A jiangshi (Tar:6)
  7 ogre magi
  2 vault guards (Vaults:5)
  2 great orbs of eyes
  A hell beast (Dis:7)
  2 quicksilver dragon skeletons
  2 spriggan air magi (Depths:2)
  6 ice dragons
  4 servants of whispers (Desolation)
  A ghost crab (Tar:1)
  2 peacekeepers (Desolation)
  4 naga warriors
  2 catoblepae
  A hydra (shapeshifter) (Vaults:5)
  3 merfolk avatars
  18 two-headed ogres
  13 anacondas
  3 hydras
  3 centaur warriors
  3 merfolk aquamancers
  2 death knights
  A queen ant (Lair:6)
  12 death yaks
  2 deep troll shamans
  A satyr (Shoals:3)
  2 deep troll earth magi (Depths:3)
  2 tengu warriors
  4 shock serpents
  16 death scarabs
  9 naga sharpshooters
  A dancing weapon (Orc:2)
  A vampire mage (Vaults:3)
  A titan zombie (Dis:7)
  A thrashing horror (Abyss:4)
  6 sun demons
  A spriggan (Depths:3)
  13 skeletal warriors
  2 deep elf knights
  2 salamander mystics (Snake:3)
  2 wretched stars
  4 hell knights
  An anaconda zombie (Dis:7)
  A titan skeleton (Coc:7)
  3 sixfirhies (Pan)
  A ghost moth zombie (Dis:7)
  4 unseen horrors
  2 storm dragon skeletons
  An infernal demonspawn (Pan)
  A golden dragon zombie (Zig:10)
  9 sea snakes
  2 glowing orange brains
  A spatial maelstrom (Abyss:4)
  A kraken simulacrum (Shoals:4)
  2 shadow demons
  3 anaconda skeletons
  4 deep trolls
  2 naga ritualists
  2 wizards
  3 shadow dragon zombies
  A deep elf archer (Vaults:2)
  A lindwurm (shapeshifter) (Vaults:5)
  A golden dragon skeleton (Zig:10)
  5 ironbrand convokers
  2 orc knights
  3 stone giant zombies
  An orb spider (Zig:5)
  A harpy (Vaults:3)
  4 necromancers
  3 manticores
  2 mana vipers
  4 phantasmal warriors
  7 ugly things
  A shining eye (Slime:5)
  2 oklob plants (Zig:11)
  4 fauns
  2 fire giant zombies
  A salamander (shapeshifter) (D:14)
  2 wolf spiders
  7 orc sorcerers
  4 moths of wrath
  8 deep elf magi
  A shadow dragon skeleton (Geh:5)
  5 salamanders
  A fire giant skeleton (Tar:4)
  16 black mambas
  9 elephants
  3 merfolk sirens
  10 guardian serpents
  6 rust devils
  6 molten gargoyles
  2 water nymphs
  8 naga magi
  3 orange demons (Pan)
  4 smoke demons
  2 apocalypse crabs
  3 vault sentinels
  2 centaur skeletons
  A frost giant skeleton (Geh:7)
  A spiny frog (Lair:4)
  A centaur zombie (D:13)
  A komodo dragon (shapeshifter) (Vaults:5)
  9 yaktaurs
  2 kobold demonologists (D:13)
  2 hellions
  A demonic crawler (Zig:5)
  3 komodo dragons
  6 guardian mummies
  A hellwing (Pan)
  6 freezing wraiths
  5 ice devils
  5 tormentors
  A yaktaur skeleton (Vaults:5)
  2 efreet
  A catoblepas skeleton (Geh:4)
  2 red devils
  9 merfolk
  A hydra zombie (Geh:5)
  3 wind drakes
  A troll (D:9)
  3 hornets
  A harpy skeleton (Tomb:1)
  A hydra skeleton (Geh:5)
  11 saltlings (Desolation)
  2 blink frogs (Lair:4)
  4 dream sheep
  4 slime creatures
  2 snapping turtles (Shoals:4)
  An alligator zombie (Geh:5)
  4 hippogriffs
  An elf zombie (Zig:10)
  2 ettin zombies
  2 ice dragon zombies
  A large abomination (Pan)
  18 flying skulls
  A fire dragon zombie (Dis:7)
  4 shadows
  2 redbacks
  A tarantella (Zig:5)
  A shapeshifter (Lair:6)
  10 water elementals
  8 wraiths
  2 fire dragon skeletons
  2 ynoxinuls (Pan)
  2 basilisks
  15 yaks
  A wyvern (D:14)
  3 ushabtiu (Zig:6)
  A vampire mosquito (D:13)
  A golden eye (Zig:11)
  A fire elemental (Zig:12)
  2 neqoxecs
  A chaos spawn (Pan)
  A hungry ghost (D:9)
  18 nagas
  2 ogre zombies
  A water moccasin (shapeshifter) (Vaults:5)
  Duvessa (D:7)
  A water moccasin (Lair:1)
  8 orc warriors
  2 spiny frog zombies
  16 hell hounds
  4 porcupines
  A sky beast (D:14)
  3 necrophages
  2 eyes of draining
  A phantom (Geh:1)
  2 ice beasts
  2 boggarts (Vaults:2)
  7 ogres
  2 swamp dragon skeletons
  An alligator simulacrum (Coc:7)
  6 centaurs
  An elf simulacrum (Vaults:5)
  6 crocodiles
  A manticore skeleton (Crypt:3)
  2 big kobolds (D:13)
  2 bullfrogs
  A glowing shapeshifter simulacrum (Vaults:1)
  Dowan (D:7)
  10 wights
  2 electric eels
  A howler monkey (D:9)
  2 starcursed masses (Abyss:4)
  A crimson imp (Tar:1)
  A human simulacrum (Vaults:5)
  7 orc priests
  6 iron imps
  An iguana (D:10)
  2 worker ants
  17 orc wizards
  8 mummies
  3 shadow imps
  4 white imps
  20 orcs
  A kobold (D:13)
  A kobold skeleton (Tar:7)
  A bush (Lair:6)
  A fire vortex (Pan)
  3 fungi
  4 plants
  2 starspawn tentacles (WizLab)
  A tentacle (Shoals:4)
914 creatures vanquished.

Vanquished Creatures (others)
  An ancient lich (Zot:5)
  3 deep elf master archers
  3 eldritch tentacles
  2 blood saints (Pan)
  A draconian shifter (Zot:3)
  An ironheart preserver (Vaults:4)
  An elemental wellspring (Coc:7)
  4 stone giants
  A bennu (Tomb:2)
  A blizzard demon (Pan)
  4 yaktaur captains
  A quicksilver dragon zombie (Coc:7)
  A kraken zombie (Coc:7)
  2 deep elf high priests (Elf:3)
  A rakshasa (Vaults:2)
  2 ice dragons (Coc:7)
  A centaur warrior (Depths:2)
  An anaconda (Snake:3)
  A death yak (Lair:6)
  20 death scarabs
  A two-headed ogre (D:12)
  2 dancing weapons (Zig:12)
  6 hell hogs
  A sun demon (Pan)
  A shadow wraith (Vaults:3)
  2 sixfirhies (Pan)
  A flayed ghost (Dis:7)
  2 unseen horrors
  A spriggan druid (Zig:3)
  A wizard (Pan)
  2 necromancers (Geh:7)
  An ironbrand convoker (Vaults:4)
  4 deep elf archers (Elf:1)
  2 ugly things (D:14)
  10 deep elf magi
  A faun (Shoals:2)
  2 black mambas (Snake:4)
  2 smoke demons (Pan)
  A vault sentinel (Vaults:3)
  A spiny frog (Zig:3)
  12 yaktaurs
  An anaconda simulacrum (Depths:2)
  A freezing wraith (Coc:7)
  A guardian mummy (Tomb:1)
  A meliai (D:14)
  A troll (D:12)
  A meliai (shapeshifter) (Abyss:4)
  A harpy skeleton (Geh:4)
  A blink frog (shapeshifter) (Vaults:3)
  An ettin zombie (Tomb:2)
  A blink frog (Zig:3)
  2 shadows
  9 flying skulls
  A fire dragon skeleton (Tomb:2)
  A wraith (Geh:7)
  A water elemental (Shoals:1)
  A yak (Zig:3)
  2 basilisks
  A fire elemental (Zig:12)
  A chaos spawn (Pan)
  A vampire mosquito (D:14)
  3 orc warriors
  A necrophage (Geh:5)
  A boggart (D:14)
  A tengu (shapeshifter) (Geh:7)
  2 centaurs (D:15)
  2 bullfrogs (D:12)
  A small abomination (Abyss:1)
  3 wights
  2 orc wizards
  3 iron imps
  An iguana (D:12)
  2 worker ants (D:12)
  6 mummies (Tomb:1)
  A howler monkey skeleton (D:7)
  A shadow imp (D:14)
  3 white imps (Coc:7)
  19 ball lightnings
  2 orcs
  2 kobolds (D:13)
  2 blocks of ice (Pan)
  A fire vortex (Pan)
  13 fungi
  54 plants
  38 starspawn tentacles
  35 tentacles
337 creatures vanquished.

Grand Total: 5340 creatures vanquished

Notes
Turn   | Place    | Note
-------+----------+-------------------------------------------
     0 | D:1      | Sergey the Ghoul Wanderer began the quest for the Orb.
     0 | D:1      | Sergey set off with: a +2 hand crossbow, 21 bolts, a scroll of teleportation, a +0 buckler, a +0 robe, a meat ration
     0 | D:1      | Reached XP level 1. HP: 17/17 MP: 0/0
   214 | D:1      | Reached XP level 2. HP: 25/25 MP: 1/1
   389 | D:1      | Reached XP level 3. HP: 29/30 MP: 2/2
   567 | D:1      | Reached skill level 3 in Fighting
   807 | D:2      | Reached XP level 4. HP: 38/38 MP: 3/3
   810 | D:2      | Noticed Sigmund
   825 | D:2      | Killed Sigmund
   825 | D:2      | Reached skill level 4 in Fighting
   825 | D:2      | Reached XP level 5. HP: 25/47 MP: 4/4
   825 | D:2      | Reached XP level 6. HP: 29/53 MP: 5/5
  1437 | D:3      | Found a blossoming altar of Fedhas.
  1947 | D:3      | Noticed Jessica
  2204 | D:3      | Found a blossoming altar of Fedhas.
  2955 | D:4      | Reached skill level 5 in Fighting
  3104 | D:4      | Reached XP level 7. HP: 61/61 MP: 6/6
  4417 | D:4      | Reached XP level 8. HP: 69/70 MP: 7/7
  4458 | D:4      | Reached skill level 6 in Fighting
  4617 | D:4      | Reached skill level 5 in Crossbows
  4758 | D:5      | Entered Level 5 of the Dungeon
  5105 | D:5      | Reached skill level 1 in Polearms
  5105 | D:5      | Reached skill level 5 in Shields
  5183 | D:5      | Killed Jessica
  5648 | D:6      | Found a bloodstained altar of Trog.
  5651 | D:6      | Found a staircase to the Ecumenical Temple.
  5659 | Temple   | Entered the Ecumenical Temple
  5799 | Temple   | Upgraded the game from 0.21-a0-297-ga3d34c2 to 0.21-a0-314-gb3271ec
  5824 | Temple   | Became a worshipper of Nemelex Xobeh the Trickster
  6251 | D:6      | Reached skill level 1 in Invocations
  6294 | D:6      | Reached XP level 9. HP: 44/75 MP: 9/9
  6353 | D:6      | Received a gift from Nemelex Xobeh
  6519 | D:6      | Noticed a deep elf mage
  6523 | D:6      | Killed a deep elf mage
  6867 | D:7      | Noticed a hornet
  6874 | D:7      | Killed a hornet
  7052 | D:7      | Noticed a wizard
  7060 | D:7      | Noticed an orc sorcerer
  7091 | D:7      | Killed an orc sorcerer
  7091 | D:7      | Reached skill level 5 in Polearms
  7269 | D:7      | Reached XP level 10. HP: 73/82 MP: 11/11
  7290 | D:7      | Noticed Pikel
  7291 | D:7      | Noticed Duvessa
  7462 | D:7      | Killed Duvessa
  7467 | D:7      | Noticed Dowan
  7481 | D:7      | Killed Dowan
  7630 | D:7      | Reached * piety under Nemelex Xobeh
  7846 | D:7      | Found a shadowy altar of Dithmenos.
  7907 | D:7      | Paralysed by a wizard for 4 turns
  7908 | D:7      | Killed a wizard
  7929 | D:7      | Received a gift from Nemelex Xobeh
  8005 | D:7      | Learned a level 1 spell: Animate Skeleton
  8150 | D:8      | Reached skill level 5 in Armour
  8154 | D:8      | Found a radiant altar of Vehumet.
  8419 | D:8      | Reached ** piety under Nemelex Xobeh
  8469 | D:8      | Reached skill level 1 in Necromancy
  8547 | D:8      | Noticed a two-headed ogre
  8560 | D:8      | Killed a two-headed ogre
  8646 | D:8      | Reached skill level 5 in Invocations
  8788 | D:8      | Noticed a two-headed ogre
  8855 | D:8      | Noticed a cyclops
  8871 | D:8      | Killed a cyclops
  8946 | D:8      | Killed a two-headed ogre
  9154 | D:9      | Noticed a two-headed ogre
  9239 | D:9      | Killed a two-headed ogre
  9239 | D:9      | Reached XP level 11. HP: 88/89 MP: 14/14
  9838 | D:9      | Found Oqukhau's General Store.
  9841 | D:9      | Bought a scroll of teleportation for 30 gold pieces
 10155 | D:10     | Entered Level 10 of the Dungeon
 10155 | D:10     | Reached *** piety under Nemelex Xobeh
 10243 | D:10     | Received a gift from Nemelex Xobeh
 11059 | D:10     | Reached XP level 12. HP: 29/96 MP: 15/15
 11109 | D:10     | Noticed Maurice
 11116 | D:10     | Killed Maurice
 11294 | D:10     | Found Jupufil's Armour Emporium.
 11304 | D:10     | Bought a +0 pair of boots for 67 gold pieces
 11521 | D:11     | Noticed Urug
 11527 | D:11     | Noticed Urug
 11527 | D:11     | Urug changed into Urug the yak
 11537 | D:11     | Killed Urug the yak
 11627 | D:11     | Found a staircase to the Lair.
 11990 | D:11     | Found a staircase to the Orcish Mines.
 12427 | D:11     | Noticed a two-headed ogre
 12432 | D:11     | a two-headed ogre changed into an eye of devastation
 13017 | D:11     | Reached **** piety under Nemelex Xobeh
 13017 | D:11     | Received a gift from Nemelex Xobeh
 13271 | D:12     | Killed a two-headed ogre
 13689 | D:12     | Received a gift from Nemelex Xobeh
 14126 | D:12     | Received a gift from Nemelex Xobeh
 14133 | D:12     | Found a shimmering altar of Xom.
 14400 | D:12     | Noticed Frances
 14423 | D:12     | Killed Frances
 14423 | D:12     | Reached XP level 13. HP: 70/102 MP: 17/17
 14609 | Lair:1   | Entered Level 1 of the Lair of Beasts
 14609 | Lair:1   | Received a gift from Nemelex Xobeh
 14681 | Lair:1   | Found a deep blue altar of Sif Muna.
 14744 | Lair:1   | Found a labyrinth entrance.
 14764 | Lab      | Entered a labyrinth
 14813 | Lab      | Reached ***** piety under Nemelex Xobeh
 16173 | Lab      | Received a gift from Nemelex Xobeh
 17470 | Lab      | Received a gift from Nemelex Xobeh
 18133 | Lab      | Noticed a minotaur
 18144 | Lab      | Killed a minotaur
 18190 | Lab      | Got a distressingly furry leather armour
 18415 | Lair:1   | Received a gift from Nemelex Xobeh
 18538 | Lair:1   | Reached skill level 5 in Necromancy
 18791 | Lair:1   | Found a shimmering altar of Xom.
 18957 | Lair:1   | Upgraded the game from 0.21-a0-314-gb3271ec to 0.21-a0-321-g91e3373
 18965 | Lair:2   | Got a scorched spear
 18979 | Lair:2   | Received a gift from Nemelex Xobeh
 19590 | Lair:2   | Received a gift from Nemelex Xobeh
 19676 | Lair:2   | Noticed an ice dragon
 19694 | Lair:2   | Killed an ice dragon
 19869 | Lair:2   | Reached skill level 10 in Polearms
 20155 | Lair:2   | Identified the cursed +1 spear "Goblinslayer" {pierce, rC+} (You found it on level 2 of the Lair of Beasts)
 20289 | Lair:2   | Received a gift from Nemelex Xobeh
 20356 | Lair:2   | Found a staircase to the Shoals.
 20591 | Lair:3   | Reached ****** piety under Nemelex Xobeh
 20646 | Lair:3   | Received a gift from Nemelex Xobeh
 20806 | Lair:3   | Received a gift from Nemelex Xobeh
 20963 | Lair:3   | Received a gift from Nemelex Xobeh
 21249 | Lair:4   | Found a staircase to the Snake Pit.
 21387 | Lair:4   | Identified the +0 leather armour of Duck's Teeth {rElec MR+} (You found it in a labyrinth)
 21459 | Lair:4   | Received a gift from Nemelex Xobeh
 21952 | Lair:4   | Received a gift from Nemelex Xobeh
 22132 | Snake:1  | Entered Level 1 of the Snake Pit
 22164 | Snake:1  | Reached XP level 14. HP: 86/110 MP: 17/19
 22465 | Snake:1  | Received a gift from Nemelex Xobeh
 22738 | Snake:1  | Found a burning altar of Makhleb.
 22739 | Snake:1  | Received a gift from Nemelex Xobeh
 23967 | Snake:2  | Reached skill level 10 in Invocations
 24011 | Snake:2  | Received a gift from Nemelex Xobeh
 24058 | Snake:3  | Found a snail-covered altar of Cheibriados.
 24413 | Snake:3  | Received a gift from Nemelex Xobeh
 24809 | Snake:3  | Found Oxikliuk's Antique Armour Emporium.
 24931 | Snake:3  | Received a gift from Nemelex Xobeh
 25079 | Snake:4  | Entered Level 4 of the Snake Pit
 25178 | Snake:4  | Reached skill level 15 in Shields
 25184 | Snake:4  | Reached XP level 15. HP: 99/115 MP: 18/21
 25191 | Snake:4  | Noticed a nagaraja
 25208 | Snake:4  | Killed a nagaraja
 25228 | Snake:4  | Noticed a nagaraja
 25230 | Snake:4  | Noticed a nagaraja
 25399 | Lair:5   | Found a white marble altar of Elyvilon.
 25460 | Lair:5   | Found a staircase to the Slime Pits.
 25822 | Lair:5   | Received a gift from Nemelex Xobeh
 26177 | Lair:6   | Entered Level 6 of the Lair of Beasts
 26249 | Lair:6   | Identified the cursed +0 ring mail of Litutuff {Dex+3} (You found it on level 6 of the Lair of Beasts)
 26636 | Lair:6   | Received a gift from Nemelex Xobeh
 28143 | Orc:1    | Entered Level 1 of the Orcish Mines
 28228 | Orc:1    | Received a gift from Nemelex Xobeh
 28355 | Orc:1    | Found a transporter.
 28697 | Orc:1    | Found a roughly hewn altar of Beogh.
 28700 | Orc:1    | Noticed an orc warlord
 28745 | Orc:1    | Found a transporter.
 28763 | Orc:1    | Killed an orc warlord
 28806 | Orc:1    | Identified Sif Muna's Catalogue of Poisoning and Moulding
 28896 | Orc:2    | Entered Level 2 of the Orcish Mines
 29152 | Orc:1    | Received a gift from Nemelex Xobeh
 29406 | Orc:2    | Received a gift from Nemelex Xobeh
 30093 | Orc:2    | Found a staircase to the Elven Halls.
 30263 | Orc:2    | Found Tutyom's Antique Armour Emporium.
 30277 | Orc:2    | Found an ancient bone altar of Kikubaaqudgha.
 30277 | Orc:2    | Noticed Nergalle
 30302 | Orc:2    | Killed Nergalle
 30312 | Orc:2    | Received a gift from Nemelex Xobeh
 30364 | Orc:2    | Found Abbengoh's Antique Armour Shoppe.
 30384 | Orc:2    | Found a radiant altar of Vehumet.
 30385 | Orc:2    | Noticed Erolcha
 30412 | Orc:2    | Killed Erolcha
 30439 | Orc:2    | Found a roughly hewn altar of Beogh.
 30439 | Orc:2    | Found Osuok's Book Emporium.
 30477 | Orc:2    | Found Farovos's Distillery.
 30525 | Orc:2    | Bought 2 potions of heal wounds for 120 gold pieces
 30525 | Orc:2    | Bought a potion of heal wounds for 60 gold pieces
 30800 | Orc:2    | Found a roughly hewn altar of Beogh.
 30857 | Orc:2    | Reached XP level 16. HP: 94/123 MP: 19/22
 31990 | D:13     | Received a gift from Nemelex Xobeh
 33100 | D:14     | Received a gift from Nemelex Xobeh
 33670 | D:14     | Found a gate to the Vaults.
 33729 | D:14     | Found Udwair's Weapon Boutique.
 33898 | D:14     | Noticed Syneil's ghost (journeyman DsFi)
 34126 | Orc:2    | Bought a potion of haste for 120 gold pieces
 34126 | Orc:2    | Bought a potion of curing for 36 gold pieces
 34126 | Orc:2    | Bought a potion of ambrosia for 96 gold pieces
 34126 | Orc:2    | Bought a potion of ambrosia for 96 gold pieces
 34126 | Orc:2    | Bought a potion of curing for 36 gold pieces
 34126 | Orc:2    | Bought a potion of ambrosia for 96 gold pieces
 34335 | D:9      | Bought a book of Minor Magic for 200 gold pieces
 34338 | D:9      | Learned a level 2 spell: Blink
 34343 | D:9      | Bought a book of Necromancy for 300 gold pieces
 34348 | D:9      | Learned a level 3 spell: Regeneration
 34352 | D:9      | Learned a level 3 spell: Vampiric Draining
 34587 | Snake:3  | Bought a pair of glowing boots for 195 gold pieces
 34620 | Snake:4  | Received a gift from Nemelex Xobeh
 34699 | Snake:4  | Killed a nagaraja
 34704 | Snake:4  | Noticed a nagaraja
 34735 | Snake:4  | Killed a nagaraja
 34735 | Snake:4  | Reached skill level 1 in Translocations
 35128 | Snake:4  | Killed a nagaraja
 35790 | Snake:4  | Found a runed door.
 36330 | Snake:4  | Noticed a nagaraja
 36339 | Snake:4  | Killed a nagaraja
 36351 | Snake:4  | Noticed a nagaraja
 36366 | Snake:4  | Killed a nagaraja
 36470 | Snake:4  | Noticed a nagaraja
 36476 | Snake:4  | Reached XP level 17. HP: 84/128 MP: 18/23
 36902 | Snake:4  | Got a serpentine rune of Zot
 37080 | Shoals:1 | Entered Level 1 of the Shoals
 37080 | Shoals:1 | Received a gift from Nemelex Xobeh
 37187 | Shoals:1 | Found Heh Jaing's Assorted Antiques.
 37195 | Shoals:1 | Found Osilo's Gadget Shoppe.
 37196 | Shoals:1 | Bought a scroll of blinking for 210 gold pieces
 37196 | Shoals:1 | Bought a potion of heal wounds for 140 gold pieces
 37483 | Shoals:1 | Found Peun Ihi's Book Shop.
 37572 | Shoals:1 | Received a gift from Nemelex Xobeh
 37653 | Shoals:1 | Found Orockak's Antique Weapon Boutique.
 37661 | Shoals:1 | Bought a slimy trident for 272 gold pieces
 37668 | Shoals:1 | Identified the +8 trident "Dragonbane" {pierce, Int+2 Stlth+} (You bought it in a shop on level 1 of the Shoals)
 37672 | Shoals:1 | Found Leprytiu's General Store.
 37734 | Shoals:1 | Reached skill level 1 in Dodging
 38619 | Shoals:2 | Got a sheer robe
 38705 | Shoals:2 | Received a gift from Nemelex Xobeh
 38915 | Shoals:1 | Bought a scroll of identify for 56 gold pieces
 38915 | Shoals:1 | Identified the cursed +0 robe of Vlad {rC++} (You found it on level 2 of the Shoals)
 39409 | Shoals:3 | Noticed Polyphemus
 39429 | Shoals:3 | Reached skill level 7 in Fighting
 39455 | Shoals:3 | Killed Polyphemus
 39479 | Shoals:3 | Received a gift from Nemelex Xobeh
 39907 | Shoals:4 | Entered Level 4 of the Shoals
 39990 | Shoals:4 | Identified the cursed +0 scale mail of the Eternal Void {rElec rN+ Int+4} (You found it on level 4 of the Shoals)
 39997 | Shoals:4 | Received a gift from Nemelex Xobeh
 40117 | Shoals:4 | Reached XP level 18. HP: 139/139 MP: 25/25
 40136 | Shoals:4 | Noticed Ilsuiw
 40267 | Shoals:4 | Killed Ilsuiw
 40416 | Shoals:4 | Got a barnacled rune of Zot
 40509 | Shoals:4 | Learned a level 4 spell: Control Undead
 40577 | Shoals:4 | Received a gift from Nemelex Xobeh
 40890 | Shoals:4 | Reached skill level 5 in Translocations
 41445 | D:14     | Reached skill level 8 in Fighting
 41445 | D:14     | Reached skill level 1 in Spellcasting
 41566 | D:14     | Killed Syneil's ghost
 41914 | Vaults:1 | Entered Level 1 of the Vaults
 41928 | Vaults:1 | Received a gift from Nemelex Xobeh
 41967 | Vaults:1 | Noticed Nikola
 41976 | Vaults:1 | Noticed Nikola
 41976 | Vaults:1 | Nikola changed into Nikola the iron dragon
 41981 | Vaults:1 | Killed Nikola the iron dragon
 42560 | Vaults:1 | Received a gift from Nemelex Xobeh
 42602 | Vaults:1 | Reached skill level 10 in Necromancy
 42950 | Vaults:1 | Reached XP level 19. HP: 143/149 MP: 23/27
 42963 | Vaults:1 | Reached skill level 5 in Dodging
 42978 | Vaults:1 | Reached skill level 9 in Fighting
 43206 | Vaults:1 | Found Cizuadec's Armour Boutique.
 43293 | Vaults:1 | Noticed Asterion
 43306 | Vaults:1 | Killed Asterion
 44094 | Orc:2    | Bought a book of Death for 1190 gold pieces
 44100 | Orc:2    | Learned a level 5 spell: Dispel Undead
 44678 | Vaults:2 | Received a gift from Nemelex Xobeh
 44889 | Vaults:2 | Noticed Saint Roka
 45516 | Vaults:2 | Reached skill level 10 in Fighting
 45624 | Vaults:2 | Noticed Frederick
 45715 | Vaults:2 | Killed Saint Roka
 45723 | Vaults:2 | Killed Frederick
 45750 | Vaults:2 | Noticed Boris
 45872 | Vaults:1 | Upgraded the game from 0.21-a0-321-g91e3373 to 0.21-a0-329-g12f17e1
 46108 | Vaults:2 | Reached skill level 5 in Spellcasting
 46157 | Vaults:2 | Reached XP level 20. HP: 137/160 MP: 25/28
 46501 | Vaults:3 | Received a gift from Nemelex Xobeh
 46567 | Vaults:3 | Found a ruined gateway.
 46606 | Desolati | Entered the Desolation of Salt
 46788 | Desolati | Identified the Catalogue of Stolen Souls and Snow
 47047 | Desolati | Received a gift from Nemelex Xobeh
 47328 | Desolati | Identified the amulet of Moruesunge {Reflect Dex+2 SH+2} (You found it in the Desolation of Salt)
 47333 | Desolati | Identified the Reference Book on Hurtful Lightness
 47352 | Desolati | Got a clouded lapis lazuli ring
 47515 | Desolati | Found the +3 sling "Punk" {acid, rCorr}
 47566 | Desolati | Got a scintillating ruby amulet
 47666 | Desolati | Noticed Feta's ghost (adept DsGl)
 47669 | Vaults:3 | Upgraded the game from 0.21-a0-329-g12f17e1 to 0.21-a0-331-gfb491b4
 47739 | Vaults:3 | Received a gift from Nemelex Xobeh
 47891 | Vaults:3 | Reached skill level 1 in Slings
 48126 | Vaults:3 | Found a staircase to the Crypt.
 48195 | Vaults:3 | Learned a level 5 spell: Bolt of Draining
 48201 | Vaults:3 | Learned a level 5 spell: Agony
 48354 | Vaults:3 | Reached skill level 1 in Conjurations
 48440 | Vaults:3 | Found Tarem's Antique Weapon Shop.
 48454 | Vaults:3 | Noticed Donald
 48493 | Vaults:3 | Killed Donald
 48493 | Vaults:3 | Reached XP level 21. HP: 154/169 MP: 29/29
 48730 | Vaults:3 | Learned a level 2 spell: Corpse Rot
 49406 | Vaults:2 | Received a gift from Nemelex Xobeh
 50333 | Vaults:2 | Identified the ring of Upreom {Ice MP+9} (You found it in the Desolation of Salt)
 50334 | Vaults:2 | Identified the amulet of Riqouc {+Rage rC+} (You found it in the Desolation of Salt)
 51319 | Vaults:2 | Killed Boris
 51319 | Vaults:2 | Reached skill level 11 in Fighting
 51847 | Vaults:4 | Received a gift from Nemelex Xobeh
 52234 | Vaults:4 | Reached skill level 5 in Slings
 52542 | Vaults:4 | Received a gift from Nemelex Xobeh
 53384 | Elf:1    | Entered Level 1 of the Elven Halls
 53384 | Elf:1    | Received a gift from Nemelex Xobeh
 54096 | Elf:1    | Found Ykedd's Gadget Boutique.
 54213 | Elf:1    | Reached XP level 22. HP: 140/181 MP: 32/32
 54579 | Elf:1    | Found Guah's Jewellery Emporium.
 54580 | Elf:1    | Found Kyedyopi's Gadget Boutique.
 54581 | Elf:1    | Found Semom's Jewellery Emporium.
 54607 | Elf:1    | Bought the ring of Phasing {EV+8} for 1536 gold pieces
 54607 | Elf:1    | Found the ring of Phasing {EV+8}
 54718 | Elf:2    | Noticed Louise
 54726 | Elf:2    | Killed Louise
 54739 | Elf:2    | Received a gift from Nemelex Xobeh
 54801 | Elf:2    | Identified Sif Muna's Handbook of Unholy Envenoming
 55079 | Elf:2    | Found a runed gate.
 55079 | Elf:2    | Found a runed gate.
 55079 | Elf:2    | Found a runed gate.
 55291 | Elf:1    | Reached skill level 12 in Fighting
 55414 | Elf:3    | Entered Level 3 of the Elven Halls
 55457 | Elf:3    | Found Judiasush's Magic Scroll Boutique.
 55474 | Elf:3    | Received a gift from Nemelex Xobeh
 55665 | Elf:3    | Noticed zkyp's ghost (adept GnBe)
 55700 | Elf:3    | Killed zkyp's ghost
 56156 | Elf:3    | Reached skill level 5 in Conjurations
 56313 | Elf:3    | Found the +3 crown of Dyrovepreva {rElec Int+2 SInv}
 56351 | Elf:3    | Received a gift from Nemelex Xobeh
 56503 | Elf:3    | Identified the Guide on Cold
 56510 | Elf:3    | Learned a level 1 spell: Apportation
 56517 | Elf:3    | Learned a level 3 spell: Lesser Beckoning
 56819 | Elf:1    | Bought the ring "Joon" {rF+ Int+4} for 484 gold pieces
 57020 | D:15     | Entered Level 15 of the Dungeon
 57163 | D:15     | Received a gift from Nemelex Xobeh
 57739 | D:15     | Received a gift from Nemelex Xobeh
 57780 | D:15     | Found a staircase to the Depths.
 58114 | D:15     | Found a deep blue altar of Sif Muna.
 58398 | Depths:1 | Entered Level 1 of the Depths
 58403 | Depths:1 | Found a magical portal.
 58415 | WizLab   | Entered Lehudib's Moon Base
 58422 | WizLab   | Received a gift from Nemelex Xobeh
 58711 | WizLab   | Reached XP level 23. HP: 187/190 MP: 34/34
 58736 | WizLab   | Noticed a golden dragon
 58736 | WizLab   | a red very ugly thing changed into a golden dragon
 58757 | WizLab   | Killed a golden dragon
 59047 | WizLab   | Got a spiked ring mail
 59048 | WizLab   | Identified the +0 ring mail of the Nexus {rElec rC+} (You found it in a wizard's laboratory)
 59227 | WizLab   | Found a transporter.
 59241 | WizLab   | Reached skill level 13 in Fighting
 59430 | WizLab   | Found a transporter.
 59449 | WizLab   | Got a crude steel amulet
 59525 | WizLab   | Identified Lehudib's Collected Works on Destructive Earth
 59806 | Depths:1 | Received a gift from Nemelex Xobeh
 59825 | Depths:1 | Reached skill level 10 in Slings
 59826 | Depths:1 | Found a one-way gate leading to the halls of Pandemonium.
 59827 | Depths:1 | Noticed Mara
 59834 | Depths:1 | Noticed Sergey's illusion
 60018 | Depths:1 | Noticed Sergey's illusion
 60045 | Depths:1 | Killed Mara
 60179 | Depths:1 | Found a corrupted altar of Lugonu.
 60179 | Depths:1 | Found a one-way gate to the infinite horrors of the Abyss.
 60630 | Depths:1 | Found a gateway to Hell.
 60664 | Depths:1 | Received a gift from Nemelex Xobeh
 60998 | Elf:3    | Bought a scroll of identify for 32 gold pieces
 60998 | Elf:3    | Bought a scroll of identify for 32 gold pieces
 60998 | Elf:3    | Identified the amulet of Daatroh {+Rage rN+} (You found it in a wizard's laboratory)
 61001 | Elf:3    | Bought a scroll of torment for 120 gold pieces
 61423 | Elf:1    | Learned a level 6 spell: Simulacrum
 61852 | Depths:2 | Reached skill level 1 in Ice Magic
 61857 | Depths:2 | Noticed a golden dragon
 62868 | Depths:2 | Found a gateway to a ziggurat.
 62941 | Depths:2 | Killed a golden dragon
 62994 | Depths:2 | Received a gift from Nemelex Xobeh
 63137 | Depths:2 | Reached XP level 24. HP: 150/200 MP: 26/35
 63998 | Depths:3 | Received a gift from Nemelex Xobeh
 64116 | Depths:3 | Reached skill level 5 in Ice Magic
 65611 | Depths:3 | Upgraded the game from 0.21-a0-331-gfb491b4 to 0.21-a0-338-g36cf2fc
 65622 | Depths:4 | Cast into level 4 of the Abyss (the power of Zot)
 65640 | Abyss:4  | Received a gift from Nemelex Xobeh
 65753 | Abyss:4  | Paralysed by an apocalypse crab for 6 turns
 65787 | Abyss:4  | Found a corrupted altar of Lugonu.
 65824 | Abyss:4  | Paralysed by accursed screaming for 1 turns
 66084 | Abyss:4  | Got an abyssal rune of Zot
 66087 | Abyss:4  | Paralysed by accursed screaming for 1 turns
 66147 | Abyss:4  | Found a corrupted altar of Lugonu.
 66147 | Abyss:4  | Received a gift from Nemelex Xobeh
 66170 | Depths:4 | Escaped the Abyss
 66277 | Depths:4 | Noticed a caustic shrike
 66380 | Depths:3 | Killed a caustic shrike
 66380 | Depths:3 | Reached XP level 25. HP: 192/205 MP: 35/35
 66407 | Depths:4 | Noticed a juggernaut
 66488 | Depths:4 | Noticed the Enchantress
 66491 | Depths:4 | Noticed the Enchantress
 66491 | Depths:4 | the Enchantress changed into the Enchantress the death yak
 66503 | Depths:3 | Killed the Enchantress the death yak
 66771 | Depths:4 | Got faerie dragon scales
 66772 | Depths:4 | Identified the +0 faerie dragon scales {rPois rCorr Str-4 Int+4} (You found it on level 4 of the Depths)
 66796 | Depths:4 | Reached skill level 10 in Ice Magic
 66852 | Depths:4 | Paralysed by a floating eye for 4 turns
 67154 | Depths:4 | Received a gift from Nemelex Xobeh
 68136 | Depths:4 | Killed a juggernaut
 68191 | Depths:5 | Entered Level 5 of the Depths
 68309 | Depths:5 | Received a gift from Nemelex Xobeh
 68353 | Depths:5 | Found a flickering gateway to a bazaar.
 68358 | Bazaar   | Entered a bazaar
 68366 | Bazaar   | Found Liraafud's Antique Armour Shop.
 68382 | Bazaar   | Found Wiomp's Jewellery Shop.
 68417 | Bazaar   | Bought a pair of runed boots for 150 gold pieces
 68427 | Bazaar   | Identified a +0 pair of boots of running (You bought it in a shop in a bazaar)
 68441 | Bazaar   | Bought the macabre finger necklace {rN+} for 480 gold pieces
 68441 | Bazaar   | Found the macabre finger necklace {rN+}
 68494 | Depths:5 | Found Ufuylaar's Distillery.
 68771 | Depths:5 | Found Ummi's Armour Shop.
 69064 | Depths:5 | Found Qirob's Distillery.
 69123 | Depths:5 | Noticed Xtahua
 69140 | Depths:5 | Killed Xtahua
 69490 | Depths:5 | Received a gift from Nemelex Xobeh
 69876 | Depths:5 | Found a gate to the Realm of Zot.
 70308 | Crypt:1  | Entered Level 1 of the Crypt
 70333 | Crypt:1  | Noticed Boris
 70346 | Crypt:1  | Killed Boris
 70664 | Crypt:1  | Received a gift from Nemelex Xobeh
 70724 | Crypt:1  | Reached XP level 26. HP: 176/213 MP: 21/35
 70857 | Vaults:5 | Entered Level 5 of the Vaults
 71303 | Elf:3    | Bought a scroll of teleportation for 48 gold pieces
 71303 | Elf:3    | Bought a scroll of teleportation for 48 gold pieces
 71303 | Elf:3    | Bought a scroll of teleportation for 48 gold pieces
 72193 | Vaults:5 | Found Wadetaus's Armour Shop.
 72193 | Vaults:5 | Received a gift from Nemelex Xobeh
 72304 | Vaults:5 | Reached skill level 15 in Necromancy
 72602 | Vaults:5 | Reached skill level 14 in Fighting
 72609 | Vaults:5 | Reached skill level 10 in Armour
 73345 | Vaults:5 | Got a silver rune of Zot
 73654 | Vaults:5 | Found Fuatsol's Distillery.
 73712 | Vaults:5 | Found Ohyel's Distillery.
 73712 | Vaults:5 | Found Vuqagg's Distillery.
 73740 | Vaults:5 | Found Omoim's Distillery.
 73740 | Vaults:5 | Found Meiru's Food Boutique.
 73750 | Vaults:5 | Found Seoled's Magic Scroll Emporium.
 73758 | Vaults:5 | Bought a scroll of blinking for 135 gold pieces
 73758 | Vaults:5 | Bought a scroll of blinking for 135 gold pieces
 73783 | Vaults:5 | Found Patad's Distillery.
 73801 | Vaults:5 | Found Cujay's Distillery.
 73840 | Vaults:5 | Reached XP level 27. HP: 225/225 MP: 35/35
 73875 | Vaults:5 | Received a gift from Nemelex Xobeh
 73882 | Vaults:5 | Found Lygiv's Antique Armour Shoppe.
 73883 | Vaults:5 | Found Feerus's Gadget Shop.
 73979 | Vaults:5 | Bought a potion of agility for 48 gold pieces
 73979 | Vaults:5 | Bought a potion of resistance for 120 gold pieces
 73993 | Vaults:5 | Bought a potion of agility for 52 gold pieces
 73993 | Vaults:5 | Bought a potion of haste for 130 gold pieces
 73993 | Vaults:5 | Bought 2 potions of might for 104 gold pieces
 73993 | Vaults:5 | Bought a potion of haste for 130 gold pieces
 73993 | Vaults:5 | Bought a potion of resistance for 130 gold pieces
 73993 | Vaults:5 | Bought a potion of brilliance for 52 gold pieces
 74000 | Vaults:5 | Bought a potion of resistance for 220 gold pieces
 74000 | Vaults:5 | Bought a potion of magic for 176 gold pieces
 74000 | Vaults:5 | Bought a potion of brilliance for 88 gold pieces
 74000 | Vaults:5 | Bought a potion of brilliance for 88 gold pieces
 74000 | Vaults:5 | Bought a potion of brilliance for 88 gold pieces
 74000 | Vaults:5 | Bought a potion of might for 88 gold pieces
 74000 | Vaults:5 | Bought 2 potions of might for 176 gold pieces
 74155 | Crypt:1  | Identified a scroll of acquirement
 74157 | Crypt:1  | Got a bound steel ring
 74158 | Crypt:1  | Identified the ring "Ikhyopiu" {Fire rN+ Stlth+} (You acquired it on level 1 of the Crypt)
 74201 | Crypt:1  | You fall through a shaft!
 74327 | Crypt:1  | Received a gift from Nemelex Xobeh
 74715 | Crypt:2  | Received a gift from Nemelex Xobeh
 75113 | Crypt:2  | Received a gift from Nemelex Xobeh
 75270 | Crypt:3  | Entered Level 3 of the Crypt
 75467 | Crypt:3  | Noticed Mennas
 75539 | Crypt:3  | Killed Mennas
 75611 | Crypt:3  | Identified Khufu's Reference Book on Evil
 75618 | Crypt:3  | Learned a level 4 spell: Animate Dead
 75698 | Crypt:3  | Reached skill level 10 in Dodging
 75727 | Crypt:3  | Found a staircase to the Tomb.
 75780 | Crypt:3  | Received a gift from Nemelex Xobeh
 76350 | Crypt:3  | Found an ancient bone altar of Kikubaaqudgha.
 76445 | Crypt:3  | Got a coiled steel amulet
 76446 | Crypt:3  | Identified the amulet "Liul" {Faith -Tele rPois MR++ Int+2} (You found it on level 3 of the Crypt)
 76455 | Crypt:3  | Noticed an ancient lich
 76458 | Crypt:3  | Killed an ancient lich
 76634 | Crypt:3  | Received a gift from Nemelex Xobeh
 77744 | Slime:1  | Entered Level 1 of the Pits of Slime
 77784 | Slime:2  | Reached skill level 15 in Fighting
 77945 | Slime:4  | Received a gift from Nemelex Xobeh
 77994 | Slime:5  | Entered Level 5 of the Pits of Slime
 79072 | Slime:5  | Received a gift from Nemelex Xobeh
 79332 | Slime:5  | Found a viscous altar of Jiyva.
 79332 | Slime:5  | Noticed the Royal Jelly
 79368 | Slime:5  | Killed the Royal Jelly
 79370 | Slime:5  | Found the +8 lance "Wyrmbane" {slay drac, rPois rF+ rC+ AC+3}
 79580 | Slime:5  | Got a slimy rune of Zot
 79582 | Slime:5  | Got a faintly glowing lapis lazuli ring
 79583 | Slime:5  | Identified the ring "Genex" {+Blink +Inv Str+4} (You found it on level 5 of the Pits of Slime)
 79665 | Slime:5  | Got a pitted iron ring
 79666 | Slime:5  | Identified the ring "Dutseos" {*Tele rElec Slay+2} (You found it on level 5 of the Pits of Slime)
 80036 | Zig:1    | Entered Level 1 of a ziggurat
 80036 | Zig:1    | Received a gift from Nemelex Xobeh
 80066 | Zig:2    | Entered Level 2 of a ziggurat
 80143 | Zig:3    | Entered Level 3 of a ziggurat
 80166 | Zig:4    | Entered Level 4 of a ziggurat
 80170 | Zig:4    | Found the +9 heavy crossbow "Sniper" {velocity, Acc+∞ SInv}
 80186 | Zig:4    | Reached skill level 10 in Spellcasting
 80345 | Zig:5    | Entered Level 5 of a ziggurat
 80390 | Zig:6    | Entered Level 6 of a ziggurat
 80522 | Zig:7    | Entered Level 7 of a ziggurat
 80596 | Zig:7    | Identified the Grimoire of the Quantum Frostbite
 80749 | Zig:8    | Entered Level 8 of a ziggurat
 80757 | Zig:8    | Noticed Ceamusuv the pandemonium lord
 80758 | Zig:8    | Noticed Keusu the pandemonium lord
 80775 | Zig:8    | Noticed Othrin the pandemonium lord
 80778 | Zig:8    | Got a scintillating golden ring
 80780 | Zig:9    | Entered Level 9 of a ziggurat
 81391 | Zig:9    | Paralysed by a floating eye for 3 turns
 81420 | Zig:9    | Reached skill level 16 in Fighting
 81432 | Zig:10   | Entered Level 10 of a ziggurat
 81540 | Zig:10   | Got a clouded iron ring
 81543 | Zig:10   | Identified the ring "Zovaclege" {-Tele rF++ rN+} (You found it on level 8 of a ziggurat)
 81544 | Zig:10   | Identified the ring "Eluida" {*Tele +Fly MP+9 Str-4} (You found it on level 10 of a ziggurat)
 81551 | Zig:11   | Entered Level 11 of a ziggurat
 81551 | Zig:11   | Noticed p0werm0de's ghost (legendary GnCK)
 81560 | Zig:11   | Killed p0werm0de's ghost
 81751 | Zig:11   | Reached skill level 17 in Fighting
 81764 | Zig:11   | Got an ancient robe
 81770 | Zig:11   | Reached skill level 18 in Fighting
 81800 | Zig:11   | Identified the +2 robe of the Blessed Realm {rN++} (You acquired it on level 11 of a ziggurat)
 81816 | Zig:12   | Entered Level 12 of a ziggurat
 81883 | Zig:12   | Received a gift from Nemelex Xobeh
 81988 | Zig:12   | Got a slimy lapis lazuli ring
 82002 | Depths:2 | Upgraded the game from 0.21-a0-338-g36cf2fc to 0.21-a0-346-g330ab2c
 82146 | Depths:2 | Got a pair of steaming boots
 82389 | Vaults:5 | Bought a scroll of identify for 36 gold pieces
 82389 | Vaults:5 | Bought a scroll of identify for 36 gold pieces
 82389 | Vaults:5 | Bought a scroll of identify for 36 gold pieces
 82389 | Vaults:5 | Bought a scroll of identify for 36 gold pieces
 82391 | Vaults:5 | Identified the ring of Derghelat {+Inv rN+ MR+} (You found it on level 12 of a ziggurat)
 82400 | Vaults:5 | Identified the -5 pair of boots of Naass {MR+} (You acquired it on level 2 of the Depths)
 82428 | Vaults:5 | Got a smoking shield
 82429 | Vaults:5 | Identified the +4 shield of Protective Custody {MR+} (You acquired it on level 5 of the Vaults)
 83063 | Pan      | Entered Pandemonium
 83203 | Pan      | Found an exit through the horrors of the Abyss.
 83366 | Pan      | Found an exit through the horrors of the Abyss.
 83379 | Pan      | Took an exit into the Abyss.
 83379 | Abyss:1  | Escaped into the Abyss
 83406 | Depths:1 | Escaped the Abyss
 83490 | Pan      | Entered Pandemonium
 83490 | Pan      | Received a gift from Nemelex Xobeh
 83580 | Pan      | Noticed Liniraon the pandemonium lord
 84113 | Pan      | Noticed Utuamaec the pandemonium lord
 84117 | Pan      | Got a demonic rune of Zot
 84262 | Pan      | Got a heavily runed ruby amulet
 84263 | Pan      | Identified the amulet of Gazxaanu {RegenMP +Fly rF++ Slay-5} (You found it in Pandemonium)
 84275 | Pan      | Received a gift from Nemelex Xobeh
 84444 | Pan      | Received a gift from Nemelex Xobeh
 84595 | Pan      | Reached skill level 19 in Fighting
 84762 | Pan      | Reached skill level 15 in Invocations
 85014 | Pan      | Received a gift from Nemelex Xobeh
 85145 | Pan      | Found an exit through the horrors of the Abyss.
 85154 | Pan      | Took an exit into the Abyss.
 85154 | Abyss:1  | Escaped into the Abyss
 85163 | Depths:1 | Escaped the Abyss
 85169 | Pan      | Entered Pandemonium
 85307 | Pan      | Reached skill level 1 in Stealth
 85752 | Pan      | Found an exit through the horrors of the Abyss.
 85761 | Pan      | Took an exit into the Abyss.
 85761 | Abyss:1  | Escaped into the Abyss
 85774 | Depths:1 | Escaped the Abyss
 85808 | Pan      | Entered Pandemonium
 86210 | Pan      | Found an exit through the horrors of the Abyss.
 86274 | Pan      | Found an exit through the horrors of the Abyss.
 86387 | Pan      | Found an exit through the horrors of the Abyss.
 86396 | Pan      | Took an exit into the Abyss.
 86396 | Abyss:1  | Escaped into the Abyss
 86396 | Abyss:1  | Received a gift from Nemelex Xobeh
 86406 | Depths:1 | Escaped the Abyss
 86527 | Pan      | Entered Pandemonium
 86536 | Pan      | Found an exit through the horrors of the Abyss.
 86970 | Pan      | Entered the realm of Gloorx Vloq.
 86995 | Pan      | Received a gift from Nemelex Xobeh
 87001 | Pan      | Found an exit through the horrors of the Abyss.
 87291 | Pan      | Reached skill level 5 in Stealth
 87632 | Pan      | Received a gift from Nemelex Xobeh
 87876 | Pan      | Reached skill level 1 in Evocations
 88339 | Pan      | Noticed Gloorx Vloq
 88377 | Pan      | Killed Gloorx Vloq
 88415 | Pan      | Got a dark rune of Zot
 88531 | Pan      | Took an exit into the Abyss.
 88531 | Abyss:1  | Escaped into the Abyss
 88538 | Abyss:1  | Received a gift from Nemelex Xobeh
 88553 | Abyss:1  | Found a corrupted altar of Lugonu.
 88680 | Abyss:1  | Found a corrupted altar of Lugonu.
 88835 | Abyss:1  | Reached skill level 20 in Fighting
 88934 | Depths:1 | Escaped the Abyss
 89068 | Orc:1    | Learned a level 6 spell: Iron Shot
 89228 | Pan      | Entered Pandemonium
 89249 | Pan      | Found an exit through the horrors of the Abyss.
 89258 | Pan      | Took an exit into the Abyss.
 89258 | Abyss:1  | Escaped into the Abyss
 89258 | Abyss:1  | Received a gift from Nemelex Xobeh
 89450 | Abyss:1  | Reached skill level 1 in Earth Magic
 89452 | Abyss:1  | Received a gift from Nemelex Xobeh
 89457 | Depths:1 | Escaped the Abyss
 89464 | Pan      | Entered Pandemonium
 89581 | Pan      | Noticed Zoahy the pandemonium lord
 89648 | Pan      | Killed Zoahy the pandemonium lord
 89702 | Pan      | Found an exit through the horrors of the Abyss.
 89712 | Pan      | Took an exit into the Abyss.
 89712 | Abyss:1  | Escaped into the Abyss
 89780 | Depths:1 | Escaped the Abyss
 89799 | Pan      | Entered Pandemonium
 89882 | Pan      | Noticed Gerit the pandemonium lord
 89891 | Pan      | Paralysed by a floating eye for 4 turns
 89940 | Pan      | Killed Gerit the pandemonium lord
 90013 | Pan      | Entered the realm of Lom Lobon.
 90140 | Pan      | Received a gift from Nemelex Xobeh
 90338 | Pan      | Found an exit through the horrors of the Abyss.
 90391 | Pan      | Received a gift from Nemelex Xobeh
 90817 | Pan      | Noticed Lom Lobon
 90834 | Pan      | Got a magical rune of Zot
 90868 | Pan      | Killed Lom Lobon
 90868 | Pan      | Reached skill level 5 in Evocations
 90868 | Pan      | Reached skill level 5 in Earth Magic
 91114 | Pan      | Took an exit into the Abyss.
 91114 | Abyss:1  | Escaped into the Abyss
 91127 | Depths:1 | Escaped the Abyss
 91132 | Pan      | Entered Pandemonium
 91190 | Pan      | Received a gift from Nemelex Xobeh
 91329 | Pan      | Found an exit through the horrors of the Abyss.
 91337 | Pan      | Took an exit into the Abyss.
 91337 | Abyss:1  | Escaped into the Abyss
 91342 | Abyss:1  | Found a corrupted altar of Lugonu.
 91367 | Depths:1 | Escaped the Abyss
 91369 | Pan      | Entered the realm of Mnoleg.
 91369 | Pan      | Entered Pandemonium
 91674 | Pan      | Received a gift from Nemelex Xobeh
 91808 | Pan      | Noticed Mnoleg
 91815 | Pan      | Got a glowing rune of Zot
 91835 | Pan      | Noticed Mnoleg
 92042 | Depths:1 | Escaped Pandemonium
 92077 | Pan      | Entered Pandemonium
 92097 | Pan      | Found an exit through the horrors of the Abyss.
 92106 | Pan      | Took an exit into the Abyss.
 92106 | Abyss:1  | Escaped into the Abyss
 92263 | Abyss:2  | Received a gift from Nemelex Xobeh
 92280 | Depths:1 | Escaped the Abyss
 92286 | Pan      | Entered Pandemonium
 92312 | Pan      | Found an exit through the horrors of the Abyss.
 92960 | Pan      | Noticed Urhyaw the pandemonium lord
 92990 | Pan      | Killed Urhyaw the pandemonium lord
 93000 | Pan      | Received a gift from Nemelex Xobeh
 93125 | Pan      | Entered the realm of Cerebov.
 93563 | Pan      | Found an exit through the horrors of the Abyss.
 93590 | Pan      | Received a gift from Nemelex Xobeh
 94483 | Pan      | Identified the cursed ring "Juixer" {*Slow rPois rC+++ Str+3 Int-6} (You took it off a balrug in Pandemonium)
 94545 | Pan      | Identified the Collected Works on Dark Arts and Augmentations
 94657 | Pan      | Noticed Cerebov
 94879 | Pan      | Killed Cerebov
 94902 | Pan      | Got a fiery rune of Zot
 94958 | Pan      | Identified the ring "Zikhach" {rCorr rF+ MP+9 Str-3 Int+6} (You took it off a balrug in Pandemonium)
 95430 | Pan      | Took an exit into the Abyss.
 95430 | Abyss:1  | Escaped into the Abyss
 95484 | Depths:1 | Escaped the Abyss
 95629 | Zot:1    | Entered Level 1 of the Realm of Zot
 95845 | Zot:1    | Reached skill level 10 in Earth Magic
 96427 | Zot:1    | Received a gift from Nemelex Xobeh
 96730 | Zot:1    | Reached skill level 15 in Armour
 96738 | Zot:1    | Reached skill level 10 in Conjurations
 97341 | Tomb:1   | Entered Level 1 of the Tomb of the Ancients
 97924 | Lair:1   | Learned a level 5 spell: Lee's Rapid Deconstruction
 98521 | Elf:1    | Bought a +6 ring of slaying for 1725 gold pieces
100129 | Tomb:1   | Reached skill level 21 in Fighting
100256 | Tomb:1   | Received a gift from Nemelex Xobeh
100738 | Tomb:1   | Noticed a greater mummy
100744 | Tomb:1   | Noticed a greater mummy
100746 | Tomb:1   | Killed a greater mummy
100754 | Tomb:1   | Noticed a greater mummy
100835 | Tomb:1   | Killed a greater mummy
101008 | Tomb:1   | Noticed a greater mummy
101018 | Tomb:1   | Killed a greater mummy
101107 | Tomb:1   | Noticed a greater mummy
101205 | Tomb:1   | Killed a greater mummy
101235 | Tomb:1   | Noticed a greater mummy
101245 | Tomb:1   | Killed a greater mummy
101285 | Tomb:1   | Killed a greater mummy
101377 | Tomb:1   | Noticed a greater mummy
101395 | Tomb:1   | Killed a greater mummy
101499 | Tomb:1   | Noticed a greater mummy
101643 | Tomb:1   | Killed a greater mummy
101763 | Tomb:1   | Noticed a greater mummy
101768 | Tomb:1   | Noticed a greater mummy
101917 | Tomb:1   | Killed a greater mummy
101988 | Tomb:1   | Noticed a greater mummy
102134 | Tomb:1   | Killed a greater mummy
102209 | Tomb:1   | Noticed a greater mummy
102223 | Tomb:1   | Killed a greater mummy
102770 | Orc:2    | Bought a book of Burglary for 1275 gold pieces
103125 | D:7      | Found a shadowy altar of Dithmenos.
103478 | D:7      | Killed Pikel
104315 | Zot:2    | Reached skill level 15 in Dodging
105196 | Tomb:1   | Killed a greater mummy
105235 | Tomb:1   | Received a gift from Nemelex Xobeh
105262 | Tomb:1   | Got a transparent golden ring
105263 | Tomb:1   | Identified the ring of Ethics {rCorr rElec rN+} (You took it off a guardian mummy on level 1 of the Tomb of the Ancients)
105265 | Tomb:1   | Noticed a greater mummy
105288 | Tomb:1   | Killed a greater mummy
105289 | Tomb:1   | Noticed a greater mummy
105343 | Tomb:1   | Killed a greater mummy
106093 | Tomb:1   | Noticed a greater mummy
106105 | Tomb:1   | Killed a greater mummy
106224 | Tomb:1   | Found the ring of the Octopus King
106226 | Tomb:1   | Got a ring of the Octopus King
106228 | Tomb:1   | Identified a ring of the Octopus King {rC+ AC+1 EV+1 Str+1 Int+1 Dex+1} (You found it on level 1 of the Tomb of the Ancients)
106376 | Tomb:3   | Entered Level 3 of the Tomb of the Ancients
106396 | Tomb:3   | Found the +8 Wrath of Trog {antimagic, *Rage}
106450 | Tomb:3   | Noticed a greater mummy
106458 | Tomb:3   | Killed a greater mummy
106461 | Tomb:3   | Noticed a greater mummy
107952 | Tomb:3   | Noticed a greater mummy
107962 | Tomb:3   | Killed a greater mummy
107968 | Tomb:3   | Noticed a greater mummy
107975 | Tomb:3   | Noticed a greater mummy
107997 | Tomb:3   | Noticed a greater mummy
108007 | Tomb:2   | Killed a greater mummy
108226 | Tomb:3   | Noticed a greater mummy
108226 | Tomb:3   | Killed a greater mummy
108231 | Tomb:3   | Killed a greater mummy
108242 | Tomb:3   | Killed a greater mummy
108266 | Tomb:2   | Killed a greater mummy
108442 | Tomb:3   | Noticed a greater mummy
108453 | Tomb:3   | Killed a greater mummy
108454 | Tomb:3   | Noticed a greater mummy
108472 | Tomb:3   | Killed a greater mummy
108521 | Tomb:3   | Identified Zetih's Disquisition on Captivating Sinister Magic
108558 | Tomb:3   | Got a pair of translucent boots
108559 | Tomb:3   | Identified the +2 pair of boots "Motaimome" {rF+ Dex+2} (You found it on level 3 of the Tomb of the Ancients)
108574 | Tomb:3   | Identified Wuhino's Grimoire of Venom and Ice
108712 | Tomb:3   | Got a crude cloak
108723 | Tomb:3   | Identified the +1 cloak of the Gloaming {Dex+7 Slay+3} (You acquired it on level 3 of the Tomb of the Ancients)
108781 | Tomb:3   | Identified the Compendium of Confrontation
108957 | Tomb:3   | Got a golden rune of Zot
108970 | Tomb:3   | Received a gift from Nemelex Xobeh
109744 | Hell     | Entered the Vestibule of Hell
109744 | Hell     | Noticed Geryon
109804 | Hell     | Killed Geryon
109929 | Hell     | Found a gateway to the decaying netherworld of Tartarus.
110562 | Hell     | Found a gateway to the freezing wastes of Cocytus.
110666 | Hell     | Found a gateway to the Iron City of Dis.
110761 | Hell     | Found a gateway to the ashen valley of Gehenna.
110973 | Geh:1    | Entered Level 1 of Gehenna
111107 | Geh:1    | Reached skill level 22 in Fighting
111262 | Geh:1    | Received a gift from Nemelex Xobeh
112223 | Geh:2    | Received a gift from Nemelex Xobeh
112418 | Geh:2    | Received a gift from Nemelex Xobeh
113582 | Geh:4    | Received a gift from Nemelex Xobeh
113874 | Geh:5    | Received a gift from Nemelex Xobeh
114392 | Geh:5    | Received a gift from Nemelex Xobeh
114625 | Geh:7    | Entered Level 7 of Gehenna
115170 | Geh:7    | Reached skill level 23 in Fighting
115338 | Geh:7    | Received a gift from Nemelex Xobeh
115849 | Geh:7    | Noticed Asmodeus
115879 | Geh:7    | Got an obsidian rune of Zot
115904 | Geh:7    | Killed Asmodeus
116199 | Coc:1    | Entered Level 1 of Cocytus
116413 | Coc:2    | Received a gift from Nemelex Xobeh
116715 | Coc:4    | Received a gift from Nemelex Xobeh
117073 | Coc:7    | Entered Level 7 of Cocytus
117450 | Coc:3    | Received a gift from Nemelex Xobeh
117730 | Coc:6    | Received a gift from Nemelex Xobeh
117999 | Coc:7    | Noticed Antaeus
118024 | Coc:7    | Got an icy rune of Zot
118100 | Dis:1    | Entered Level 1 of the Iron City of Dis
118330 | Dis:4    | Received a gift from Nemelex Xobeh
118553 | Dis:5    | Reached skill level 24 in Fighting
118815 | Dis:5    | Received a gift from Nemelex Xobeh
119207 | Dis:7    | Entered Level 7 of the Iron City of Dis
119445 | Dis:7    | Received a gift from Nemelex Xobeh
120257 | Dis:7    | Found the ring of Shadows {Umbra +Inv Stlth+}
120273 | Dis:7    | Got a faintly glowing lead ring
120278 | Dis:7    | Identified the ring "Sazufe" {rF+ rN++ Str-4 SInv Stlth+} (You found it on level 7 of the Iron City of Dis)
120457 | Dis:7    | Received a gift from Nemelex Xobeh
120755 | Dis:7    | Noticed the Serpent of Hell
120762 | Dis:7    | Noticed a hellephant shaped Serpent of Hell
120762 | Dis:7    | the Serpent of Hell changed into a hellephant shaped Serpent of Hell
120772 | Dis:7    | Killed a hellephant shaped Serpent of Hell
121111 | Dis:7    | Noticed Dispater
121116 | Dis:7    | Got an iron rune of Zot
121287 | Depths:5 | Bought a potion of heal wounds for 115 gold pieces
121287 | Depths:5 | Bought a potion of haste for 230 gold pieces
121287 | Depths:5 | Bought 2 potions of resistance for 460 gold pieces
121287 | Depths:5 | Bought a potion of cancellation for 184 gold pieces
121287 | Depths:5 | Bought a potion of ambrosia for 184 gold pieces
121287 | Depths:5 | Bought a potion of haste for 230 gold pieces
121287 | Depths:5 | Bought a potion of curing for 69 gold pieces
121287 | Depths:5 | Bought a potion of haste for 230 gold pieces
121287 | Depths:5 | Bought a potion of curing for 69 gold pieces
121287 | Depths:5 | Bought a potion of cancellation for 184 gold pieces
121725 | Vaults:5 | Bought 2 potions of ambrosia for 192 gold pieces
121725 | Vaults:5 | Bought a potion of curing for 36 gold pieces
121988 | Tar:1    | Entered Level 1 of Tartarus
122050 | Tar:1    | Received a gift from Nemelex Xobeh
123027 | Tar:2    | Received a gift from Nemelex Xobeh
123291 | Tar:3    | Received a gift from Nemelex Xobeh
123530 | Tar:5    | Received a gift from Nemelex Xobeh
123534 | Tar:5    | You fall through a shaft!
123770 | Tar:7    | Entered Level 7 of Tartarus
123869 | Tar:7    | Reached skill level 25 in Fighting
124355 | Tar:7    | Got a bone rune of Zot
125010 | Zot:2    | Received a gift from Nemelex Xobeh
125683 | Zot:3    | Received a gift from Nemelex Xobeh
126118 | Zot:3    | Received a gift from Nemelex Xobeh
126546 | Zot:4    | Received a gift from Nemelex Xobeh
127028 | Zot:5    | Entered Level 5 of the Realm of Zot
127394 | Zot:5    | Noticed an orb of fire
127437 | Zot:5    | Killed an orb of fire
127736 | Zot:5    | Noticed an orb of fire
127738 | Zot:5    | Noticed an orb of fire
127769 | Zot:5    | Killed an orb of fire
127810 | Zot:5    | Noticed an orb of fire
127823 | Zot:5    | Killed an orb of fire
127944 | Zot:5    | Received a gift from Nemelex Xobeh
127981 | Zot:5    | Killed an orb of fire
127985 | Zot:5    | Noticed an orb of fire
127997 | Zot:5    | Killed an orb of fire
127997 | Zot:5    | Reached skill level 15 in Polearms
128051 | Zot:5    | Reached skill level 26 in Fighting
128109 | Zot:5    | Noticed an orb of fire
128117 | Zot:5    | Noticed an orb of fire
128118 | Zot:5    | Noticed an ancient lich
128130 | Zot:5    | Killed an orb of fire
128144 | Zot:5    | Killed an ancient lich
128149 | Zot:5    | Killed an orb of fire
128175 | Zot:5    | Received a gift from Nemelex Xobeh
128315 | Zot:5    | Got the Orb of Zot
128318 | Zot:5    | Noticed an ancient lich
128597 | D:13     | Noticed Nuammemn the pandemonium lord
128878 | D:1      | Noticed Reagg the pandemonium lord
128886 | D:$      | Escaped with the Orb!

Vault maps used:
D:1:      minmay_arrival_widening_spiral_wide
D:2:      first_bread, feat_on_display, uniq_sigmund
D:3:      minmay_misc_feat_diagonals, fedhas_altar_2, uniq_jessica
D:4:      lemuel_castle_with_subvaults
D:5:      cheibrodos_quashed
D:6:      bloody_trog, minmay_temple_entry_purple_smoke, minivault_4,
          minmay_splitting_lines, guppyfry_early_elven_hall
D:7:      cheibrodos_wizards_tower, grunt_ogre_cave,
          nicolae_dithmenos_the_darkroom, uniq_duvessa, uniq_pikel
D:8:      basic_altar
D:9:      serial_shops, kennysheep_mini_moat, minmay_misc_feat_roman
D:10:     serial_shops, shop, uniq_maurice
D:11:     grunt_lair_entry_orc_guard_hut, orc_0_dummy, serial_co_window_serial,
          co_window_corner_a, co_window_corner_a, co_window_paths_b,
          co_window_paths_b, co_window_paths_a, co_window_paths_a,
          co_window_corner_a, co_window_paths_c, co_window_of_opportunity_b,
          co_window_paths_c, co_window_unsneaky_path_a, co_window_4corner_b,
          co_window_paths_e, uniq_urug
D:12:     xom_confusion_cloud, uniq_frances
D:14:     minmay_the_grid_square_5x5_4x4_mashed, erik_vaults_1, serial_shops,
          shop
D:15:     hangedman_depths_entry_try_elsewhere_first, columned_hall_lemuel,
          tgw_sif
Temple:   kilobyte_greek_temple
Lair:1:   lab_entry_generic, basic_altar, lemuel_oklob_altar,
          infiniplex_staircase_pool_2
Lair:2:   dragon1_lemuel, shoals_dummy_entry, infiniplex_staircase_pool,
          grunt_megastairs_1, lemuel_fruit_fields, serial_bayou_shore_b,
          lemuel_fruit_tree, minmay_lair_oklob_chamber
Lair:3:   grunt_forest_small_clearing_treed
Lair:4:   minmay_snake_entry_guardpost_small, nicolae_quartered_pool_little,
          minivault_26, minmay_hedge_maze, lemuel_fruit_fields
Lair:5:   minmay_slime_entry_eyes, basic_altar, st_stairs_8
Lair:6:   evilmike_catoblepas_cave
Shoals:1: serial_shops, nicolae_shop_crystal, shop, shop_statue, shop_fountains,
          nicolae_shop_waterfront
Shoals:2: nicolae_shoals_circle_sea_wall, nicolae_shoals_aquamancer_cove
Shoals:3: uniq_polyphemus
Shoals:4: shoals_end_grunt_ice, shoals_ilsuiw_ice
Snake:1:  lemuel_altar_in_water2
Snake:2:  serial_bayou_lake_a, basic_stair_grate_trap
Snake:3:  serial_shops, nicolae_shop_overgrown_old_shop, basic_altar
Snake:4:  grunt_snake_rune_serpentine_throne, serial_bayou_ford_a,
          lightli_airlock
Orc:1:    gammafunk_beogh_shrine, nicolae_orc_lava_tube
Orc:2:    kennysheep_orc_mage_school, kennysheep_orc_chapel
Elf:1:    serial_shops, shop, minmay_elf_crystal_hexagon, minmay_shop_grove
Elf:2:    minmay_misc_feat_rows, uniq_louise, uniq_azrael
Elf:3:    minmay_elf_hall_statues, serial_shops, shop
Vaults:1: nicolae_vaults_shelves_hall, vaults_standard_mumra_x,
          nicolae_vaults_network_star, dpeg_vaults_monster_box, serial_ice_m,
          nicolae_vaults_sealed_display, uniq_nikola, uniq_asterion
Vaults:2: hangedman_vaults_impose, v_rooms_1, dpeg_vaults_pockets_of_resistance,
          v_misc_1, grunt_vaults_twisty, nicolae_vaults_ninety_degrees,
          hangedman_vaults_nails, ontoclasm_vaults_eye, vaults_dpeg_diagonal,
          vaults_room_hallway, v_misc_19, uniq_saint_roka, uniq_boris,
          uniq_frederick
Vaults:3: v_alt_pattern_4, vaults_room_grid, ontoclasm_vaults_decontamination,
          minmay_crypt_entry_simple_round, vaults_room_pools,
          dpeg_vaults_monster_row, vaults_room_grid,
          nicolae_vaults_circle_grid_b, grunt_vaults_focal,
          ontoclasm_vaults_echo, vaults_standard_mumra_enter_the_diamond,
          v_misc_28, vaults_room_stairs_pillars, vaults_room_grid,
          portal_desolation_entry_ruin, serial_shops, nicolae_shop_statue_plus,
          uniq_donald
Vaults:4: nicolae_vaults_what_the_h, v_alt_pattern_1,
          nicolae_vaults_little_squares_3, hangedman_vaults_hat,
          nicolae_vaults_specimen_jars, hangedman_vaults_maws, v_alt_pattern_3,
          v_misc_27, nicolae_vaults_network_barrier
Vaults:5: serial_shops
Crypt:1:  grunt_megastairs_4, uniq_boris
Crypt:3:  quadcrypt_mu, uniq_mennas
Depths:1: abyss_entry_flame_altar, pan_entry, hangedman_coc_ice_floe, hex_tiny,
          infiniplex_enter_wizlab_glasses, hangedman_decor_push,
          hangedman_corner_corridor, uniq_mara
Depths:2: hangedman_crystal_crosses_colossus, hell_entry, pan_entry, abyss_entry
Depths:3: hangedman_cross_veins, rand_demon_pan_entry_4, minmay_strange_pillars,
          hell_entry, minmay_misc_feat_square, infiniplex_staircase_zigzag_5,
          serial_bayou_shore_b, serial_bayou_shore_b, serial_bayou_shore_a
Depths:4: hangedman_arrow_trap, hell_entry, marbit_kobold_abyss_entry,
          serial_sigils_hangedman_gut, wad_rectangle_vault, uniq_enchantress
Depths:5: grunt_zot_entry_gee_three, minmay_misc_feat_alley, serial_shops,
          bzr_entry_road, shop, nicolae_shop_competitors_out_of_business,
          nicolae_shop_behind_doors, hangedman_geh_valley, grunt_ministairs_7,
          uniq_xtahua
Dis:4:    lemuel_dis_dragons
Dis:7:    dis_st
Geh:7:    geh_hangedman
Coc:7:    coc_dpeg
Tar:1:    nicolae_tar_cuneiform_city
Tar:4:    nicolae_tar_fractal_crypt
Tar:5:    nicolae_tar_cuneiform_two
Tar:7:    tar_mu
Zot:2:    grunt_zot_stairs_faceoff, grunt_megastairs_2, lemuel_elevator
Zot:3:    grunt_ministairs_10
Zot:4:    hangedman_elemental_corridor
Abyss:1:  evilmike_abyss_exit_9, patterned_corridor, kilobyte_mutagenic_chamber,
          evilmike_abyss_exit_mutagenic, hangedman_abyss_river_spirits,
          evilmike_abyss_exit_11, hangedman_shadowy_showcase
Abyss:2:  grunt_abyss_exit_deep_breaths, abyss_exit_lava
Abyss:4:  guppyfry_abyss_exit_glass_guarded, nicolae_abyss_rune_star_stuff,
          small_statue_intersection
Pan:      rand_demon_2, evilmike_mini_pan_other_thingy,
          nicolae_pan_strange_glyphs, rand_demon_8, rand_demon_3,
          pan_disco_hall, pan_blood_fountain_2, evilmike_mini_pan_doors_b,
          rand_demon_9, pan_blood_fountain_small, pan_blood_fountain,
          rand_demon_2, evilmike_mini_pan_pillars, pan_blood_fountain_small,
          nicolae_pan_hourglass, evilmike_mini_pan_doors,
          reaverb_pan_chaos_star, evilmike_mini_pan_corner, rand_demon_3,
          rand_demon_9, pan_blood_fountain_small, evilmike_mini_pan_doors_b,
          pan_blood_fountain_small, evilmike_mini_pan_diamond,
          evilmike_mini_pan_pillars, rand_demon_1, pan_blood_fountain_2,
          evilmike_mini_pan_pillars_b, evilmike_mini_pan_corridor,
          pan_blood_fountain, nicolae_pan_gloorx_vloqian_4, rand_demon_2,
          grunt_pan_in_and_out, gloorx_vloq_grunt, pan_blood_fountain_small,
          rand_demon_3, nicolae_pan_double_arrow, pan_blood_fountain,
          rand_demon_2, nicolae_pan_gloorx_vloqian_1, lom_lobon_st,
          pan_blood_fountain, nicolae_pan_mnolegish_5,
          evilmike_mini_pan_pillars, grunt_pan_spiral,
          nicolae_pan_performance_anxiety, evilmike_mini_pan_layers, mnoleg_st,
          nicolae_pan_door_chamber, uniq_mnoleg, nicolae_pan_strange_glyphs,
          rand_demon_1, regret_index_pan_draining_boxed,
          nicolae_pan_door_chamber, rand_demon_1, pan_blood_fountain_small,
          evilmike_mini_pan_pillars_b, pan_blood_fountain_small,
          grunt_pan_frozen_over, nicolae_pan_mnolegish_2,
          evilmike_mini_pan_diamond, rand_demon_1, evilmike_mini_pan_pillars_b,
          cerebov_grunt_fire_and_steel
Zig:11:   ziggurat_pillar_centre_oklobs
Lab:      labyrinth_spiral, nicolae_lab_swirl, nicolae_lab_lava,
          nicolae_lab_garden, nicolae_lab_very_dead_end, nicolae_lab_plus,
          nicolae_lab_big_swirl, nicolae_lab_quarters, nicolae_lab_x,
          labyrinth_skeletal_remains
Bazaar:   bazaar_jpeg_cross
WizLab:   wizlab_lehudib

Skill      XL: |  1  2  3  4  5  6  7  8  9 10 11 12 13 14 15 16 17 18 19 20 21 22 23 24 25 26 27 |
---------------+----------------------------------------------------------------------------------+-----
Crossbows      | 2 3 4 5 6 7 |  7.1
Fighting       | 3 4 5 6 7 8 10 11 12 13 14 26 | 26.1
Shields        | 2 3 4 5 7 8 12 13 15 16 17 18 19 20 21 22 23 24 25 | 25.0
Polearms       | 3 5 7 8 10 12 13 14 15 | 15.3
Armour         | 3 4 5 6 7 8 9 10 20 | 20.8
Invocations    | 1 3 5 6 7 8 10 11 12 23 | 23.1
Necromancy     | 1 3 6 7 9 10 11 12 13 14 15 | 15.2
Translocations | 2 4 5 6 |  6.4
Dodging        | 2 4 6 8 9 24 | 24.0
Spellcasting   | 3 5 6 7 8 9 12 | 12.0
Slings         | 2 6 9 11 13 | 13.9
Conjurations   | 1 3 5 7 8 11 | 11.0
Ice Magic      | 3 9 13 14 | 14.2
Stealth        | 7 |  7.7
Evocations     | 8 |  8.5
Earth Magic    | 14 | 14.5
Bows           | |  1.0
Throwing       | |  1.0

Action                   |  1- 3 |  4- 6 |  7- 9 | 10-12 | 13-15 | 16-18 | 19-21 | 22-24 | 25-27 || total
-------------------------+-------+-------+-------+-------+-------+-------+-------+-------+-------++-------
Melee: Unarmed           |    12 |    13 |       |       |       |       |       |       |       ||    25
       Whip              |       |       |   193 |     3 |       |       |       |       |       ||   196
       Spear             |       |       |   273 |   258 |       |    35 |       |       |       ||   566
       Trident           |       |       |       |   588 |  2238 |  1220 |       |       |       ||  4046
       Demon trident     |       |       |       |       |       |   948 |  1802 |  2097 | 12714 || 17561
       Lance             |       |       |       |       |       |       |       |       |   915 ||   915
 Fire: Hand crossbow     |    77 |   130 |   145 |   140 |    68 |    51 |     6 |       |       ||   617
       Fustibalus        |       |       |       |       |       |       |    56 |    63 |   605 ||   724
Throw: Throwing net      |       |       |     1 |       |     1 |     1 |       |       |     5 ||     8
 Cast: Animate Skeleton  |       |       |       |     4 |   152 |   152 |   131 |   128 |   263 ||   830
       Blink             |       |       |       |       |       |     1 |    12 |    18 |    78 ||   109
       Regeneration      |       |       |       |       |       |       |    12 |    13 |   141 ||   166
       Dispel Undead     |       |       |       |       |       |       |    16 |    11 |   213 ||   240
       Vampiric Draining |       |       |       |       |       |       |     3 |       |       ||     3
       Control Undead    |       |       |       |       |       |       |       |     5 |   162 ||   167
       Bolt of Draining  |       |       |       |       |       |       |       |     3 |    26 ||    29
       Apportation       |       |       |       |       |       |       |       |     3 |    44 ||    47
       Simulacrum        |       |       |       |       |       |       |       |       |    47 ||    47
       Iron Shot         |       |       |       |       |       |       |       |       |   235 ||   235
       Lee's Rapid Decon |       |       |       |       |       |       |       |       |    30 ||    30
       Lesser Beckoning  |       |       |       |       |       |       |       |       |     2 ||     2
       Animate Dead      |       |       |       |       |       |       |       |       |     1 ||     1
       Corpse Rot        |       |       |       |       |       |       |       |       |     1 ||     1
Invok: Triple Draw       |       |       |       |       |     5 |       |       |       |     3 ||     8
       Stack Five        |       |       |       |       |       |     3 |     1 |     2 |     6 ||    12
       Deal Four         |       |       |       |       |       |       |     1 |     2 |    12 ||    15
Evoke: Wand              |       |       |    10 |    26 |    27 |    11 |    13 |     1 |    40 ||   128
       Deck              |       |       |     1 |    27 |   131 |    95 |    54 |    54 |   213 ||   575
       Lamp of fire      |       |       |       |     1 |     4 |     3 |     5 |       |       ||    13
       Phantom mirror    |       |       |       |       |       |       |     1 |       |     1 ||     2
       Box of beasts     |       |       |       |       |       |       |       |       |     1 ||     1
       Lightning rod     |       |       |       |       |       |       |       |       |     1 ||     1
  Use: Scroll            |       |       |    17 |     5 |    16 |    23 |    16 |    11 |    80 ||   168
       Potion            |       |       |       |     4 |     5 |     4 |     3 |     3 |    53 ||    72
 Stab: Distracted        |       |       |       |     1 |    13 |    24 |    17 |    20 |   100 ||   175
       Petrifying        |       |       |       |     1 |     2 |       |     1 |       |     1 ||     5
       Petrified         |       |       |       |       |    30 |    14 |       |       |    32 ||    76
       Confused          |       |       |       |       |       |       |     5 |       |       ||     5
       Paralysed         |       |       |       |       |       |       |     1 |       |     1 ||     2
       Sleeping          |       |       |       |       |       |       |       |       |    39 ||    39
       Held in net/web   |       |       |       |       |       |       |       |       |     3 ||     3
       Betrayed ally     |       |       |       |       |       |       |       |       |     2 ||     2
  Eat: Chunk             |     4 |    11 |    28 |    82 |   251 |   240 |   197 |   181 |   484 ||  1478
       Royal jelly       |       |       |       |     1 |     2 |     1 |     1 |       |    11 ||    16
       Meat ration       |       |       |       |     1 |     1 |       |     1 |       |    22 ||    25
Armor: Leather armour    |    21 |    28 |    29 |       |       |       |       |       |       ||    78
       Ring mail         |       |       |   108 |   284 |   417 |   325 |    93 |       |       ||  1227
       Chain mail        |       |       |    17 |       |       |       |       |       |       ||    17
       Quicksilver drago |       |       |       |       |       |       |    63 |   180 |  1491 ||  1734
Dodge: Dodged            |    10 |    22 |    85 |   146 |   442 |   412 |   388 |   479 |  4527 ||  6511
Block: Large shield      |    30 |    57 |   299 |   604 |  1406 |  1379 |  1048 |  1150 | 10900 || 16873
       Reflection        |       |       |       |       |       |       |    95 |    95 |    55 ||   245
       Shield            |       |       |       |       |       |       |       |       |   445 ||   445

Table legend:
 A = Spawn XP
 B = Non-spawn XP
 C = Spawn XP percentage of total XP
 D = Spawn monster count
 E = Non-spawn monster count
 F = Spawn count percentage of total count
 G = Total turns spent on level
                    A         B        C        D         E        F      G
               +---------+---------+-------+---------+---------+-------+---------
         Total |  128726 | 3325114 |   3.7 |     182 |    4769 |   3.7 | 128886
               +---------+---------+-------+---------+---------+-------+---------
           D:1 |       0 |      58 |   0.0 |       0 |      27 |   0.0 |   767
           D:2 |       0 |     283 |   0.0 |       0 |      14 |   0.0 |   747
           D:3 |       0 |      90 |   0.0 |       0 |      17 |   0.0 |  1470
           D:4 |       0 |     995 |   0.0 |       0 |      66 |   0.0 |  1900
           D:5 |       0 |     611 |   0.0 |       0 |      26 |   0.0 |  1086
           D:6 |       0 |    1392 |   0.0 |       0 |      26 |   0.0 |   956
           D:7 |       0 |    3153 |   0.0 |       0 |      21 |   0.0 |  1749
           D:8 |       0 |    3287 |   0.0 |       0 |      24 |   0.0 |  1213
           D:9 |       0 |    2355 |   0.0 |       0 |      25 |   0.0 |  1857
          D:10 |       0 |    1906 |   0.0 |       0 |      14 |   0.0 |   731
          D:11 |       0 |    4147 |   0.0 |       0 |      44 |   0.0 |  2460
          D:12 |       0 |    4506 |   0.0 |       0 |      27 |   0.0 |  2197
          D:13 |       0 |    8031 |   0.0 |       0 |      38 |   0.0 |  2002
          D:14 |       0 |   27726 |   0.0 |       0 |      81 |   0.0 |  2514
          D:15 |       0 |   10102 |   0.0 |       0 |      21 |   0.0 |  2336
        Lair:1 |       0 |    5456 |   0.0 |       0 |      23 |   0.0 |  1444
        Lair:2 |       0 |   10373 |   0.0 |       0 |      47 |   0.0 |  1920
        Lair:3 |       0 |    1044 |   0.0 |       0 |       4 |   0.0 |  1022
        Lair:4 |       0 |    3348 |   0.0 |       0 |      20 |   0.0 |  1159
        Lair:5 |       0 |    2722 |   0.0 |       0 |      18 |   0.0 |  1028
        Lair:6 |       0 |   18152 |   0.0 |       0 |      51 |   0.0 |  1891
      Shoals:1 |       0 |    8786 |   0.0 |       0 |      19 |   0.0 |   997
      Shoals:2 |       0 |   14064 |   0.0 |       0 |      30 |   0.0 |   912
      Shoals:3 |       0 |   18029 |   0.0 |       0 |      45 |   0.0 |   802
      Shoals:4 |       0 |   30929 |   0.0 |       0 |      68 |   0.0 |  1377
       Snake:1 |       0 |   10083 |   0.0 |       0 |      28 |   0.0 |  1139
       Snake:2 |       0 |   12485 |   0.0 |       0 |      39 |   0.0 |  1066
       Snake:3 |       0 |    8114 |   0.0 |       0 |      18 |   0.0 |  1172
       Snake:4 |       0 |   51375 |   0.0 |       0 |     103 |   0.0 |  2154
       Slime:1 |       0 |    1232 |   0.0 |       0 |       5 |   0.0 |    64
       Slime:2 |       0 |    2362 |   0.0 |       0 |       1 |   0.0 |    31
       Slime:3 |       0 |    3559 |   0.0 |       0 |       2 |   0.0 |    66
       Slime:4 |       0 |   17008 |   0.0 |       0 |      32 |   0.0 |   990
       Slime:5 |       0 |   43877 |   0.0 |       0 |      41 |   0.0 |   982
         Orc:1 |       0 |    6374 |   0.0 |       0 |      48 |   0.0 |  1621
         Orc:2 |       0 |   13180 |   0.0 |       0 |      91 |   0.0 |  3105
         Elf:1 |       0 |   24656 |   0.0 |       0 |      40 |   0.0 |  1398
         Elf:2 |       0 |   14058 |   0.0 |       0 |      21 |   0.0 |   716
         Elf:3 |       0 |   58270 |   0.0 |       0 |      55 |   0.0 |  1556
      Vaults:1 |       0 |   53870 |   0.0 |       0 |      94 |   0.0 |  3149
      Vaults:2 |       0 |   73951 |   0.0 |       0 |     125 |   0.0 |  3484
      Vaults:3 |       0 |   65829 |   0.0 |       0 |     108 |   0.0 |  2763
      Vaults:4 |       0 |   60599 |   0.0 |       0 |      94 |   0.0 |  1844
      Vaults:5 |       0 |  144901 |   0.0 |       0 |     152 |   0.0 |  2245
       Crypt:1 |       0 |   36173 |   0.0 |       0 |      53 |   0.0 |  1236
       Crypt:2 |       0 |   28212 |   0.0 |       0 |      41 |   0.0 |   844
       Crypt:3 |       0 |   59363 |   0.0 |       0 |      81 |   0.0 |  3137
        Tomb:1 |       0 |  118339 |   0.0 |       0 |      77 |   0.0 |  4016
        Tomb:2 |       0 |   30087 |   0.0 |       0 |      29 |   0.0 |   978
        Tomb:3 |       0 |   57656 |   0.0 |       0 |      59 |   0.0 |   821
      Depths:1 |    2165 |   62723 |   3.3 |       2 |      64 |   3.0 |  2750
      Depths:2 |       0 |   40039 |   0.0 |       0 |      38 |   0.0 |  1818
      Depths:3 |       0 |  109704 |   0.0 |       0 |     113 |   0.0 |  2858
      Depths:4 |       0 |   49577 |   0.0 |       0 |      55 |   0.0 |  1647
      Depths:5 |       0 |   62039 |   0.0 |       0 |      66 |   0.0 |  2599
          Hell |       0 |   48848 |   0.0 |       0 |      68 |   0.0 |  1368
         Dis:2 |       0 |    2361 |   0.0 |       0 |       3 |   0.0 |    33
         Dis:3 |       0 |    9936 |   0.0 |       0 |      24 |   0.0 |   193
         Dis:4 |       0 |   13060 |   0.0 |       0 |       9 |   0.0 |   129
         Dis:5 |       0 |   26136 |   0.0 |       0 |      46 |   0.0 |   358
         Dis:6 |       0 |   19209 |   0.0 |       0 |      23 |   0.0 |   390
         Dis:7 |       0 |  129860 |   0.0 |       0 |     159 |   0.0 |  2026
         Geh:1 |       0 |   41708 |   0.0 |       0 |     100 |   0.0 |  1073
         Geh:2 |       0 |   35240 |   0.0 |       0 |      47 |   0.0 |   495
         Geh:3 |       0 |   41039 |   0.0 |       0 |      87 |   0.0 |   732
         Geh:4 |       0 |   20639 |   0.0 |       0 |      39 |   0.0 |   411
         Geh:5 |       0 |   39436 |   0.0 |       0 |      90 |   0.0 |   743
         Geh:6 |       0 |    6717 |   0.0 |       0 |      18 |   0.0 |   128
         Geh:7 |       0 |  118601 |   0.0 |       0 |     146 |   0.0 |  1532
         Coc:1 |       0 |     731 |   0.0 |       0 |       4 |   0.0 |    40
         Coc:2 |       0 |   26906 |   0.0 |       0 |      34 |   0.0 |   409
         Coc:4 |       0 |   43731 |   0.0 |       0 |      43 |   0.0 |   440
         Coc:5 |       0 |   13549 |   0.0 |       0 |      21 |   0.0 |   170
         Coc:6 |       0 |    5500 |   0.0 |       0 |      11 |   0.0 |   119
         Coc:7 |       0 |   51432 |   0.0 |       0 |      68 |   0.0 |   372
         Tar:1 |       0 |   36981 |   0.0 |       0 |      66 |   0.0 |   722
         Tar:2 |       0 |   32212 |   0.0 |       0 |      68 |   0.0 |   581
         Tar:3 |       0 |    2270 |   0.0 |       0 |       7 |   0.0 |    76
         Tar:4 |       0 |    5796 |   0.0 |       0 |      12 |   0.0 |   144
         Tar:5 |       0 |     121 |   0.0 |       0 |       1 |   0.0 |    23
         Tar:6 |       0 |   16802 |   0.0 |       0 |      22 |   0.0 |   236
         Tar:7 |       0 |   49913 |   0.0 |       0 |      57 |   0.0 |   713
         Zot:1 |       0 |   36339 |   0.0 |       0 |      24 |   0.0 |  1360
         Zot:2 |       0 |   98321 |   0.0 |       0 |      60 |   0.0 |  1639
         Zot:3 |       0 |   61885 |   0.0 |       0 |      40 |   0.0 |   963
         Zot:4 |       0 |   53449 |   0.0 |       0 |      34 |   0.0 |   816
         Zot:5 |       0 |  180977 |   0.0 |       0 |      69 |   0.0 |  1302
       Abyss:1 |   21453 |   12302 |  63.6 |      42 |      24 |  63.6 |   820
       Abyss:2 |     999 |    3508 |  22.2 |       4 |       6 |  40.0 |   180
       Abyss:4 |   10009 |   15697 |  38.9 |      11 |      29 |  27.5 |   548
           Pan |   94100 |  337695 |  21.8 |     123 |     368 |  25.1 | 10808
         Zig:1 |       0 |     292 |   0.0 |       0 |       3 |   0.0 |    30
         Zig:2 |       0 |    1969 |   0.0 |       0 |       6 |   0.0 |    77
         Zig:3 |       0 |    2294 |   0.0 |       0 |       5 |   0.0 |    23
         Zig:4 |       0 |    3929 |   0.0 |       0 |       5 |   0.0 |   179
         Zig:5 |       0 |    3173 |   0.0 |       0 |       7 |   0.0 |    45
         Zig:6 |       0 |    2111 |   0.0 |       0 |      13 |   0.0 |   132
         Zig:7 |       0 |    9148 |   0.0 |       0 |       7 |   0.0 |   227
         Zig:9 |       0 |   15076 |   0.0 |       0 |      13 |   0.0 |   652
        Zig:10 |       0 |    7251 |   0.0 |       0 |      19 |   0.0 |   119
        Zig:11 |       0 |   22737 |   0.0 |       0 |      19 |   0.0 |   265
        Zig:12 |       0 |   17380 |   0.0 |       0 |      22 |   0.0 |   185
           Lab |       0 |    3808 |   0.0 |       0 |      18 |   0.0 |  3463
        WizLab |       0 |   55047 |   0.0 |       0 |      49 |   0.0 |  1163
    Desolation |       0 |   40752 |   0.0 |       0 |      87 |   0.0 |  1062
               +---------+---------+-------+---------+---------+-------+---------
